Cogmind - Beta 15 @@@ ROGUE MODE // 2025.07.18 @ 00:35:49 Player: Skysub Result: Destroyed by Combat Programmer with EMDS Performance ------------- Evolutions (9) 4500 Regions Visited (28) 5600 Robots Destroyed (192) 960 Value Destroyed (6682) 6682 Prototype IDs (77) 1540 Alien Tech Used (4) 800 Bonus (27782) 27782 TOTAL SCORE: 47864 Bonus ------- High Alert Combat Kills 516 Follower Combat Kills 2141 Registered with UFD 300 Met Optimus in HQ 500 Met Zhirov 300 Met Warlord at Base 500 MAIN.C Attacked Warlord 500 Built Enhanced Grunts 300 Met R17 at Cetus 500 Hacked Protovariant 500 Met R17 at Research 2000 Scanned by Researcher 500 Acquired SGEMP 2000 Met Optimus at Protoforge 1000 Completed Drillbomb Mission10000 Delivered SGEMP 2000 Met MAIN.C 5000 Friendly Fire -775 Cogmind --------- Core Integrity 0/1600 Matter 206/300 Energy 88/100 System Corruption 29% Temperature Cool (0) Movement Core (50) Location -1/Command Parts ------- > --- POWER (2) -------- (None) > --- PROPULSION (7) --- (None) > --- UTILITY (14) ----- Advanced Target Analyzer > --- WEAPON (3) ------- Nanosword > --- INVENTORY (5) ---- Advanced Sensor Array Nanosword Peak State ------------ > --- POWER ------------ Micro Antimatter Reactor Micro Antimatter Reactor > --- PROPULSION ------- Field Propulsion Array Q-thruster Improved Diametric Drive Impulse Thruster Array Experimental Q-thruster > --- UTILITY ---------- 0bPrime Scrap Suit Experimental Heat Sink Structural Scanner Spectral Analyzer Advanced Signal Interpreter Advanced Target Analyzer Experimental Core Analyzer Advanced Kinecellerator Advanced Reaction Control System Graphene Brace Advanced Point Defense System Experimental Hacking Suite Ghost Barrier > --- WEAPON ----------- Enhanced Hardcell Cannon Nanosword Nanosword > --- INVENTORY -------- Advanced Heavy Siege Treads Advanced Sensor Array Dispersion Rifle Ragnarok Missile Launcher [Rating: 207] Favorites ----------- Power Meta Core Engine Improved Ion Engine Power Core Meta Core Reactor Light Quantum Reactor Propulsion Armored Wheel Treads Light Treads Leg Carbon-fiber Leg Wheel Armored Wheel Hover Unit Backup Propulsion III Flight Unit Cooled Impulse Thruster Utility Large Storage Unit Device Graphene Brace Storage Large Storage Unit Processor Advanced Signal Interpreter Hackware System Shield Protection Centrium Medium Armor Plating Artifact Phase Redirector Weapon Autogun Energy Gun Overtuned Beamcaster Energy Cannon Enhanced Nova Cannon Ballistic Gun Autogun Ballistic Cannon Enhanced Hardcell Cannon Launcher Mini Grenade Launcher Special Weapon Remote Datajack Slashing Weapon Makeshift Axe Piercing Weapon Vortex Lance Special Melee Weapon Advanced Datajack Build | -11 -10 -10 -8 -8 -6 -6 -6 -6 -6 -6 -6 -5 -5 -5 -5 -4 -4 -4 -4 -4 -3 -3 -3 -3 -2 -2 -1 -1 ------- Run | Yrd Mat Sub Rec Scr Fac Was Fac Ext Cet Arc Hub Fac Upp Upp War Pro Fac Upp Upp Zhi Pro Res Qua Frg Res Tes Acc Com Slots Evolved 18 | . . . . . 8 . . . . . . 2 . . . . 2 . . . . 2 . . 2 . 2 . Power 1 | . . . . . . . . . . . . . . . . . 1 . . . . . . . . . . . Propulsion 5 | . . . . . 3 . . . . . . . . . . . . . . . . 1 . . . . 1 . Utility 11 | . . . . . 5 . . . . . . 2 . . . . 1 . . . . 1 . . 1 . 1 . Weapon 1 | . . . . . . . . . . . . . . . . . . . . . . . . . 1 . . . Parts Attached 261 | 7 7 7 4 9 8 2 16 6 7 . . 10 6 13 15 2 21 4 2 2 1 26 1 42 14 9 3 17 Power 25 | 1 1 1 1 1 . . . . . . . . . . . . 4 1 1 . . 3 . 6 3 . . 2 Engine 7 | 1 . 1 1 . . . . . . . . . . . . . 2 . . . . 1 . 1 . . . . Core 5 | . 1 . . 1 . . . . . . . . . . . . 1 . 1 . . . . . 1 . . . Reactor 13 | . . . . . . . . . . . . . . . . . 1 1 . . . 2 . 5 2 . . 2 Propulsion 77 | 2 3 2 2 3 . . 8 1 3 . . 1 3 6 6 . 8 . . . 1 6 . 10 2 2 2 6 Treads 10 | 2 1 1 1 1 . . . . 2 . . . 1 . . . . . . . . . . . . . . 1 Leg 2 | . . . . . . . . . . . . . . 2 . . . . . . . . . . . . . . Wheel 8 | . 2 1 1 2 . . 1 . . . . . 1 . . . . . . . . . . . . . . . Hover 11 | . . . . . . . . . . . . . . 2 4 . 1 . . . . . . . . . . 4 Flight 46 | . . . . . . . 7 1 1 . . 1 1 2 2 . 7 . . . 1 6 . 10 2 2 2 1 Utility 113 | 2 1 1 1 1 8 1 4 3 3 . . 8 3 3 6 . 9 3 1 2 . 15 1 19 7 5 1 5 Device 54 | 1 . 1 . . 3 . 1 1 . . . 5 1 1 4 . 6 1 1 1 . 8 . 8 6 1 1 3 Storage 5 | 1 1 . . 1 . . . . . . . 1 . . . . . . . . . 1 . . . . . . Processor 20 | . . . . . 3 1 . . 1 . . 1 . 2 1 . 2 1 . . . 1 . 4 1 . . 2 Hackware 10 | . . . . . 1 . . 1 . . . . 1 . . . . . . . . 3 . . . 4 . . Protection 23 | . . . 1 . 1 . 3 1 2 . . 1 1 . 1 . 1 1 . 1 . 2 . 7 . . . . Artifact 1 | . . . . . . . . . . . . . . . . . . . . . . . 1 . . . . . Weapon 46 | 2 2 3 . 4 . 1 4 2 1 . . 1 . 4 3 2 . . . . . 2 . 7 2 2 . 4 Energy Gun 6 | . . . . 1 . . 1 . . . . . . . . . . . . . . . . 2 . . . 2 Energy Cannon 2 | . . . . . . . 1 . . . . . . . . . . . . . . . . 1 . . . . Ballistic Gun 20 | 2 2 2 . 3 . . 1 . 1 . . . . 3 1 . . . . . . 1 . 3 1 . . . Ballistic Cannon 2 | . . . . . . . . . . . . . . . . . . . . . . . . . . . . 2 Launcher 4 | . . . . . . 1 . 2 . . . . . . . . . . . . . . . 1 . . . . Special Weapon 1 | . . . . . . . 1 . . . . . . . . . . . . . . . . . . . . . Impact Weapon . | . . . . . . . . . . . . . . . . . . . . . . . . . . . . . Slashing Weapon 7 | . . 1 . . . . . . . . . 1 . 1 . 2 . . . . . . . . . 2 . . Piercing Weapon 3 | . . . . . . . . . . . . . . . 2 . . . . . . 1 . . . . . . Special Melee Weapon 1 | . . . . . . . . . . . . . . . . . . . . . . . . . 1 . . . Unidentified Prototypes 40 | . . . . . . . 1 1 3 . . . 1 . 4 . 1 . . 3 . 4 2 12 2 5 . 1 Corrupted Parts 1 | . . . . . . . . . . . . . . . 1 . . . . . . . . . . . . . System Corruption 2 | . . . . . . . . . . . . . . . 2 . . . . . . . . . . . . . Parts Lost 138 | . 2 4 . . . . 5 4 . 1 4 5 5 16 1 . 9 . 1 . 2 6 3 29 5 2 . 34 Power 15 | . . 1 . . . . . . . . . . . . 1 . 1 . 1 . . . 1 6 . . . 4 Propulsion 44 | . 2 . . . . . 2 2 . 1 . 2 2 8 . . 4 . . . 1 1 . 7 1 2 . 9 Utility 58 | . . 1 . . . . 1 1 . . 3 1 2 5 . . 4 . . . . 5 2 15 3 . . 15 Weapon 21 | . . 2 . . . . 2 1 . . 1 2 1 3 . . . . . . 1 . . 1 1 . . 6 Highest Loss Streak 23 | . 2 2 . . . . 2 2 . 1 2 5 2 8 1 . 6 . 1 . 1 3 2 5 2 2 . 23 To Critical Strikes . | . . . . . . . . . . . . . . . . . . . . . . . . . . . . . Average Backups 9 | 2 10 13 13 7 18 13 13 13 13 14 13 7 7 8 9 9 8 10 10 10 10 7 9 2 4 4 3 4 Power . | . 1 1 . . 1 . . . . . . . . . . . . . . . . . . . . . . . Propulsion 1 | . 2 2 2 . 3 3 3 2 . 2 2 . . . . . . 1 1 1 1 . 1 . . . . . Utility 4 | . 3 5 6 3 7 5 6 8 10 9 9 5 6 5 5 4 5 5 5 5 6 4 4 . 2 2 2 1 Weapon 2 | . 4 4 3 1 5 4 3 2 2 3 2 1 1 2 3 5 3 3 4 3 2 1 3 1 1 1 1 1 Tool/Special . | . . . . . . . . . . . . . . . . . . . . . . . . . . . . . Unused Backups 65 | . 4 2 1 32 . 3 3 1 1 . . 1 1 4 1 . 1 . . . . 3 1 3 1 1 . 1 Power 5 | . 1 . . 2 . 1 . . . . . . . 1 . . . . . . . . . . . . . . Propulsion 13 | . 1 . 1 9 . . 1 . . . . . . . 1 . . . . . . . . . . . . . Utility 24 | . . 1 . 13 . 1 2 . 1 . . 1 1 1 . . . . . . . . 1 . 1 1 . . Weapon 19 | . 2 1 . 7 . 1 . . . . . . . 2 . . 1 . . . . 2 . 2 . . . 1 Tool/Special 4 | . . . . 1 . . . 1 . . . . . . . . . . . . . 1 . 1 . . . . Average Slot Usage (%) 75 | . 99 99 100 42 54 64 74 76 81 79 73 81 70 65 66 87 91 76 84 83 84 85 88 75 74 82 82 79 Engine 1 | . 8 3 14 . . . . . . . . . . . . . 3 . . . . 3 4 1 . . . . Core 3 | . 5 10 . 1 5 5 5 5 5 5 5 5 5 5 4 . 1 . . 5 5 . . . . 4 3 . Treads 3 | . 18 14 14 3 . . . . 4 11 11 . . 1 . . . . . . . . . . . . . . Wheel 5 | . 9 14 14 13 9 11 11 5 . . . . 1 . . . . . . . . . . . . . . . Hover 1 | . . . . . . . . . . . . . . . 15 16 9 . . . . . . . . . . 2 Flight 7 | . . . . . . . 8 13 14 2 . 13 3 1 1 11 14 20 20 20 18 17 22 16 21 19 19 14 Device 10 | . 13 13 5 . 8 11 10 6 . . . 16 10 14 9 22 20 19 20 18 20 19 19 11 19 17 17 19 Storage 7 | . 14 14 14 11 5 5 5 5 5 5 5 5 5 5 5 5 5 5 5 5 5 2 4 3 . . . . Processor 10 | . . . . . 9 14 12 11 16 17 17 20 19 17 15 16 17 20 25 23 20 18 18 20 14 13 11 15 Hackware 4 | . . . . . 4 5 5 6 11 11 8 5 6 5 5 5 5 5 5 5 5 8 9 9 5 10 11 6 Protection 3 | . . . 8 3 . . 3 5 6 11 10 2 9 4 2 5 5 . . 1 5 3 1 2 4 2 3 1 Ballistic Gun 6 | . 28 26 14 4 5 5 4 4 6 11 7 . 4 3 . . . . . . . . . . 2 3 3 . Slashing Weapon 2 | . . 1 14 3 . . . . 3 . . 9 . 3 2 1 9 5 5 3 . . . . . 4 7 6 Peak Build Rating 207 | 9 16 17 19 47 73 72 88 86 111 111 108 81 74 93 119 108 111 112 112 121 121 141 141 169 179 196 200 207 Average Rating 71 | 5 12 15 17 11 69 69 80 79 91 109 103 75 66 65 67 96 101 100 110 112 115 125 128 139 162 181 196 186 On Entrance 88 | . 9 16 17 19 47 72 70 78 67 111 108 79 50 68 41 104 96 100 111 110 121 110 127 122 148 178 193 200 Naked Turns . | . . . . . . . . . . . . . . . . . . . . . . . . . . . . . Heaviest Build 64 | 14 32 32 32 56 64 61 51 62 53 52 52 36 33 39 34 27 38 33 35 29 29 47 44 48 36 40 40 53 Greatest Support 160 | 40 40 20 12 20 28 28 38 20 160 160 160 80 37 39 59 26 45 36 36 36 39 55 48 48 39 41 51 80 Greatest Overweight (x) 18 | . 2 2 2 18 3 2 2 3 16 . . 1 2 3 7 8 10 . . . . 2 . 2 . 1 . 2 Average Overweight (x) . | . 1 1 2 1 2 1 1 2 . . . . 1 . . . . . . . . . . . . . . . Largest Inventory Capacity 25 | 8 15 15 15 25 25 25 15 15 15 15 15 15 10 10 10 10 10 10 10 10 10 10 10 10 5 5 5 5 Average Capacity 12 | 7 14 15 15 15 25 15 15 15 15 15 15 12 10 10 10 10 10 10 10 10 10 8 10 9 5 5 5 5 Most Carried 25 | 4 15 15 15 25 25 18 15 15 15 15 15 14 10 10 10 10 10 10 10 10 10 10 10 10 5 5 5 5 Average Carried 9 | 2 11 14 14 7 18 13 14 14 14 15 14 8 8 9 9 9 8 9 10 9 10 7 9 5 4 4 3 4 Final Capacity 25 | 8 15 15 15 25 25 15 15 15 15 15 15 10 10 10 10 10 10 10 10 10 10 10 10 5 5 5 5 5 Final Carried 25 | 4 14 15 15 25 18 14 15 15 15 15 14 10 10 8 9 10 10 10 10 10 10 10 10 5 4 5 5 2 Class Distribution -------------------- 40% | Mutant 12% | Scavenger-Mutant 5% | Scavenger-Sprinter 5% | Scavenger-Ninja 4% | Commander-Mutant 3% | Scrapper Dominant Class ---------------- Mutant | -10/Materials Mutant | -10/Subcaves Mutant | -8/Recycling Mutant | -8/Scraptown Derelict-Scrapper | -6/Factory Derelict-Scrapper | -6/Waste Scrapper | -6/Factory Commander-Mutant | -6/Extension Commander-Mutant | -6/Cetus Scavenger-Mutant | -6/Archives Scavenger-Mutant | -6/Hub_04(d) Gladiator | -5/Factory Scavenger-Mutant | -5/Upper Caves Scavenger-Mutant | -5/Upper Caves Commander-Gladiator | -5/Warlord Scavenger-Mutant | -4/Proximity Caves Scavenger-Gladiator | -4/Factory Ninja | -4/Upper Caves Ninja | -4/Upper Caves Derelict-Ninja | -4/Zhirov Ninja | -3/Proximity Caves Scavenger-Ninja | -3/Research Scavenger-Ninja | -3/Quarantine Scavenger-Mutant | -3/Protoforge Scavenger-Scout | -2/Research Scavenger-Sprinter | -2/Testing Hacker-Scout | -1/Access Hacker-Scout | -1/Command Resources | -11 -10 -10 -8 -8 -6 -6 -6 -6 -6 -6 -6 -5 -5 -5 -5 -4 -4 -4 -4 -4 -3 -3 -3 -3 -2 -2 -1 -1 ----------- Run | Yrd Mat Sub Rec Scr Fac Was Fac Ext Cet Arc Hub Fac Upp Upp War Pro Fac Upp Upp Zhi Pro Res Qua Frg Res Tes Acc Com Matter Collected 7437 | 340 513 207 . 291 . . 882 859 297 65 131 245 202 302 44 117 265 87 25 . 46 656 45 1054 194 28 273 269 Remotely . | . . . . . . . . . . . . . . . . . . . . . . . . . . . . . Salvage Created 9490 | 137 1133 178 . . . 214 1211 1054 138 126 384 669 94 563 . 62 367 . . . . 645 49 860 306 14 291 995 Parts 520 | 11 70 10 . . . . 74 41 7 4 31 16 7 27 . . 24 . . . . 28 1 51 32 3 15 68 Haulers Intercepted 3 | . 2 . . . . . . . . . . . . . . . . . . . . 1 . . . . . . Recyclers Shooed 14 | . 6 . . . . . 2 3 . . 3 . . . . . . . . . . . . . . . . . Parts Field Recycled . | . . . . . . . . . . . . . . . . . . . . . . . . . . . . . Retrieved Matter . | . . . . . . . . . . . . . . . . . . . . . . . . . . . . . Parts Self-Destructed 44 | . . 10 . . . . . . . . . . 5 29 . . . . . . . . . . . . . . Prevented 11 | . . . . . . . . . . . . . . 5 . . . 6 . . . . . . . . . . Kills | -11 -10 -10 -8 -8 -6 -6 -6 -6 -6 -6 -6 -5 -5 -5 -5 -4 -4 -4 -4 -4 -3 -3 -3 -3 -2 -2 -1 -1 ------- Run | Yrd Mat Sub Rec Scr Fac Was Fac Ext Cet Arc Hub Fac Upp Upp War Pro Fac Upp Upp Zhi Pro Res Qua Frg Res Tes Acc Com Combat Hostiles Destroyed 113 | . 22 4 . . . 1 19 12 . 1 7 . 3 11 . . 5 . . . . . . 17 1 . . 10 Melee 16 | . . . . . . . . . . . . . . 1 . . 5 . . . . . . 4 . . . 6 Guns 71 | . 22 4 . . . . 16 11 . 1 1 . 3 10 . . . . . . . . . . 1 . . 2 Cannons 5 | . . . . . . . 1 . . . . . . . . . . . . . . . . 2 . . . 2 AOE 21 | . . . . . . 1 2 1 . . 6 . . . . . . . . . . . . 11 . . . . Classes Destroyed 22 | 3 5 1 . . . 1 4 . . 1 1 . . 1 . . . . . . . . 1 4 . . . . Worker 17 | 1 2 . . . . . 4 . . . 5 1 . . . . . . . . . 2 . 1 1 . . . Builder 16 | . 2 . . . . . 3 1 . . 1 1 . . . . 1 . . . . 1 . . 3 1 2 . Tunneler 2 | 2 . . . . . . . . . . . . . . . . . . . . . . . . . . . . Hauler 3 | . 2 . . . . . . . . . . . . . . . . . . . . 1 . . . . . . Recycler 18 | 1 1 . . . . . 2 1 . . . 4 . . . . 1 . . . . 4 . . 1 . 2 1 Operator 3 | . . . . . . . . . . 1 . . . . . . . . . . . 1 . . . . . 1 Drone 3 | . . . . . . . . . . . . . . . . . . . . . . . . 3 . . . . Watcher 13 | . 3 . . . . . 2 . . . . 2 . . . . 1 . . . . . . 1 . . . 4 Swarmer 31 | . 6 . . . . . 6 . . . 3 . 3 4 . . 4 . . . . . . 5 . . . . Cutter 3 | . . . . . . . 3 . . . . . . . . . . . . . . . . . . . . . Grunt 31 | . 16 . . . . . 5 8 . . 2 . . . . . . . . . . . . . . . . . Duelist 2 | . . . . . . . . . . . . . . 2 . . . . . . . . . . . . . . Researcher 1 | . . . . . . . . . . . . . . . . . . . . . . . 1 . . . . . Sentry 9 | . . . . . . . 2 4 . 1 . . . 1 . . . . . . . . . . . . . 1 Specialist 2 | . . . . . . . . . . . 2 . . . . . . . . . . . . . . . . . Hunter 2 | . . . . . . . 2 . . . . . . . . . . . . . . . . . . . . . Programmer 15 | . . . . . . . 1 . . . . . . . . . 1 . . . . . . 3 1 . . 9 Compactor 1 | . . . . . . 1 . . . . . . . . . . . . . . . . . . . . . . Enhanced Grunt 1 | . . . . . . . . . . . 1 . . . . . . . . . . . . . . . . . Striker 3 | . . . . . . . . . . . . . . . . . . . . . . . . 3 . . . . Executioner 2 | . . . . . . . . . . . . . . . . . . . . . . . . 2 . . . . Subdweller 4 | . . 4 . . . . . . . . . . . . . . . . . . . . . . . . . . Scrapoid 2 | . . . . . . . . . . . . . . . . . . . . . . . . 2 . . . . Decomposer 1 | . . . . . . . . . . . . . 1 . . . . . . . . . . . . . . . Thug 3 | . . . . . . . . 1 1 . . . . 1 . . . . . . . . . . . . . . Butcher 3 | . . . . . . . . . . . . . . 3 . . . . . . . . . . . . . . Guerrilla 2 | . . . . . . . . . 2 . . . . . . . . . . . . . . . . . . . Best Kill Streak 7 | 3 7 1 . . . 1 7 2 . 2 7 5 3 4 . . 4 . . . . 3 1 3 4 1 4 3 Combat Bots Only 5 | . 5 1 . . . 1 5 2 . 1 5 . 3 4 . . 4 . . . . . . 3 1 . . 3 Max Kills in Single Turn 5 | 1 1 1 . . . 1 2 1 3 1 5 1 1 1 . . 1 . . . . 1 1 2 1 1 1 1 Gunslinging . | . . . . . . . . . . . . . . . . . . . . . . . . . . . . . Exploded 2 | . . . . . . 1 1 1 . . 2 . . . . . . . . . . . . 2 . . . . Melee 1 | . . . . . . . . . . . . . . 1 . . 1 . . . . . . 1 . . . 1 Uniques/NPCs Destroyed . | . . . . . . . . . . . . . . . . . . . . . . . . . . . . . Combat | -11 -10 -10 -8 -8 -6 -6 -6 -6 -6 -6 -6 -5 -5 -5 -5 -4 -4 -4 -4 -4 -3 -3 -3 -3 -2 -2 -1 -1 -------- Run | Yrd Mat Sub Rec Scr Fac Was Fac Ext Cet Arc Hub Fac Upp Upp War Pro Fac Upp Upp Zhi Pro Res Qua Frg Res Tes Acc Com Hostile Shots Fired 1918 | . 86 71 . . . . 188 137 2 11 178 51 46 161 11 4 103 . 29 . 57 14 14 360 67 60 16 252 Missed 763 | . 21 28 . . . . 69 49 1 5 50 22 16 49 4 2 40 . 19 . 42 7 5 170 28 39 7 90 Intercepted 10 | . . . . . . . . . . . . . . . . . . . . . . . . . . . . 10 Hits 1155 | . 65 43 . . . . 119 88 1 6 128 29 30 112 7 2 63 . 10 . 15 7 9 190 39 21 9 162 Melee 11 | . . . . . . . 1 . . . . . . 8 . . . . . . . . . 2 . . . . Projectile 1144 | . 65 43 . . . . 118 88 1 6 128 29 30 104 7 2 63 . 10 . 15 7 9 188 39 21 9 162 AOE 17 | . . 5 . . . . . . . . 1 . . . 2 . 2 . . . . . . . . . . 7 Critical Strikes 63 | . . . . . . . 1 1 . . 2 1 2 4 . . 3 . . . . 1 1 16 7 2 . 22 Actively Blocked 42 | . . . . . . . . . . . . 1 . . . . 3 . . . . 1 1 15 7 2 . 12 Part Disruptions 6 | . . . . . . . . . . . 3 . . . . . . . . . . . . 1 . . . 2 Damage Taken 24146 | . 705 825 . . . . 1370 922 155 142 2197 491 521 1867 208 43 1433 . 196 . 308 501 186 5043 932 480 250 5371 Core 4851 | . 134 110 . . . . 191 90 . . 215 190 53 515 40 20 229 . 47 . . 83 . 1209 85 14 34 1592 Absorbed by Shields 96 | . . . . . . . . 58 . . . . . . . . . . . . . . . . 38 . . . Reduced by Siege Mode 463 | . . . . . . . . . . . 47 . . . . . . . . . . . . . . . . 416 Redirected to Core 5 | . . . . . . . . . . . . . . . . . . . . . . . . 5 . . . . Redirected to Shielding 432 | . . . . . . . . . . . . 17 9 30 . . . . . . 149 . . 227 . . . . Ignored by Resistances 342 | . . . . . . . . 124 17 . . . . 168 33 . . . . . . . . . . . . . Regen/Repaired (Parts) 537 | . . . . . . . 38 . . . . 169 . . 53 . 161 . . . . . . 30 86 . . . Core Remaining (%) 47 | 100 . . . 2 . . . . . . 41 . . . . 18 . . . . 76 . . . . 93 . . Volleys Fired 559 | 21 89 27 . . . 23 80 101 11 10 17 . 29 32 . . . . . . . . . 52 30 11 3 23 Largest 3 | 2 2 2 . . . 2 2 2 2 2 2 . 2 2 . . . . . . . . . 2 1 1 1 3 Hottest 221 | 40 46 46 . . . 62 153 76 68 68 68 . 65 68 . . . . . . . . . 188 120 32 32 221 Shots Fired 812 | 42 177 58 . . . 30 128 106 14 19 32 . 30 46 . . . . . . . . . 54 30 11 3 32 Gun 725 | 42 177 58 . . . 23 121 91 13 19 24 . 28 46 . . . . . . . . . 24 29 11 3 16 Cannon 35 | . . . . . . . 5 . . . . . . . . . . . . . . . . 13 1 . . 16 Launcher 47 | . . . . . . 7 2 10 1 . 8 . 2 . . . . . . . . . . 17 . . . . Special 5 | . . . . . . . . 5 . . . . . . . . . . . . . . . . . . . . Kinetic 672 | 42 177 58 . . . 23 75 91 13 19 24 . 28 46 . . . . . . . . . 17 29 11 3 16 Thermal 81 | . . . . . . . 46 . . . . . . . . . . . . . . . . 20 1 . . 14 Explosive 47 | . . . . . . 7 2 10 1 . 8 . 2 . . . . . . . . . . 17 . . . . Electromagnetic 7 | . . . . . . . 5 . . . . . . . . . . . . . . . . . . . . 2 Robot Hit Streak 22 | 7 11 22 . . . 9 11 14 22 10 17 . 4 10 . . . . . . . . . 6 7 9 2 8 Robot Miss Streak 8 | 3 6 1 . . . 2 3 2 1 1 2 . 3 5 . . . . . . . . . 8 1 4 2 2 Penetration Max 2 | . . . . . . . 1 2 . 1 2 . 1 1 . . . . . . . . . 1 . . . . Secondary Targets 2 | . . . . . . . 1 . . . . . . 1 . . . . . . . . . . . . . . Max Gunslinging Chain 1 | . . . . . . . 1 . . . . . . 1 . . . . . . . . . . . . . . Shots Hit Robots 649 | 25 122 45 . . . 25 94 75 12 16 26 14 16 39 . 3 23 . . . . 10 4 26 15 4 6 49 Core Hits 351 | 8 53 12 . . . 5 47 47 14 7 32 3 8 21 . 1 6 . . . . 6 . 48 9 . 2 22 Critical Kills 26 | 1 1 . . . . . 3 11 . 2 1 . 2 2 . . . . . . . . . . 1 . . 2 Critical Parts Destroyed 36 | . . . . . . . 3 16 2 3 . . 4 2 . . . . . . . . . 2 1 1 1 1 Critical Strikes 88 | 1 1 . . . . 4 8 29 3 6 1 1 6 6 . . 5 . . . . 4 1 2 2 1 1 6 Destroy 71 | 1 1 . . . . 4 7 29 3 6 1 . 6 4 . . . . . . . . . 2 2 1 1 3 Blast 1 | . . . . . . . . . . . . . . . . . . . . . . . . . . . . 1 Sever 11 | . . . . . . . 1 . . . . 1 . 2 . . 5 . . . . . . . . . . 2 Impale 4 | . . . . . . . . . . . . . . . . . . . . . . 3 1 . . . . . Sunder 1 | . . . . . . . . . . . . . . . . . . . . . . 1 . . . . . . Melee Attacks 286 | . . 7 4 . . . 9 . . . 2 23 . 8 1 3 50 3 3 . 3 45 7 28 1 3 8 78 Impact . | . . . . . . . . . . . . . . . . . . . . . . . . . . . . . Slashing 201 | . . 7 4 . . . 9 . . . 2 23 . 8 . 3 50 3 3 . . . . . . 3 8 78 Piercing 55 | . . . . . . . . . . . . . . . . . . . . . . 29 7 19 . . . . Entropic 29 | . . . . . . . . . . . . . . . 1 . . . . . 3 16 . 9 . . . . Sneak Attacks 37 | . . . . . . . 4 . . . . 9 . . . . 3 . . . . 9 1 3 1 1 4 2 Combat Hostiles . | . . . . . . . . . . . . . . . . . . . . . . . . . . . . . Follow-up Attacks 10 | . . . . . . . . . . . . . . . . . 5 . . . . 2 . . . . . 3 Damage Inflicted 23770 | 264 1375 698 . . . 1173 3222 1179 632 303 1460 893 510 1028 . 220 978 . . . . 1365 371 4394 421 235 595 2454 Guns 9147 | 264 1351 698 . . . 575 2633 531 110 303 307 . 430 788 . . . . . . . . . 412 421 94 58 172 Cannons 721 | . . . . . . . 72 . . . . . . . . . . . . . . . . 257 . . . 392 Explosions 6031 | . . . . . . 598 146 648 522 . 1089 . 80 . . . . . . . . . . 2948 . . . . Melee 7821 | . . . . . . . 365 . . . 44 893 . 240 . 220 978 . . . . 1365 371 777 . 141 537 1890 Ramming 50 | . 24 . . . . . 6 . . . 20 . . . . . . . . . . . . . . . . . Kinetic 8297 | 264 1351 698 . . . 575 1592 531 110 303 307 . 430 788 . . . . . . . . . 383 421 94 58 392 Thermal 1477 | . . . . . . . 1041 . . . . . . . . . . . . . . . . 286 . . . 150 Explosive 6031 | . . . . . . 598 146 648 522 . 1089 . 80 . . . . . . . . . . 2948 . . . . Electromagnetic 94 | . . . . . . . 72 . . . . . . . . . . . . . . . . . . . . 22 Impact . | . . . . . . . . . . . . . . . . . . . . . . . . . . . . . Slashing 5308 | . . . . . . . 365 . . . 44 893 . 240 . 220 978 . . . . . . . . 141 537 1890 Piercing 1271 | . . . . . . . . . . . . . . . . . . . . . . 611 371 289 . . . . Entropic 1242 | . . . . . . . . . . . . . . . . . . . . . . 754 . 488 . . . . Highest Corruption 28 | . 2 2 2 . . 13 14 14 14 14 19 . . . 2 2 7 7 9 9 9 1 2 14 3 3 . 28 Average Corruption 6 | . 2 2 2 . . 10 13 14 14 14 14 . . . 2 2 3 7 7 9 9 1 1 7 2 3 . 6 Corruption Purged . | . . . . . . . . . . . . . . . . . . . . . . . . . . . . . Corruption Blocked . | . . . . . . . . . . . . . . . . . . . . . . . . . . . . . Effects 311 | . 20 22 5 . . 5 51 45 26 4 17 . . . . 3 5 6 2 2 3 5 4 55 1 3 . 27 Message Errors 70 | . 3 5 1 . . . 11 9 6 1 6 . . . . 1 1 1 1 1 . 2 1 9 1 1 . 9 Matter Fused 82 | . 6 6 1 . . 1 17 12 9 1 3 . . . . . 1 2 . 1 2 1 2 14 . . . 3 Heat Flow Errors 34 | . 2 2 1 . . 1 3 6 . . 1 . . . . . . 1 . . 1 1 . 9 . 1 . 5 Energy Discharges 31 | . 2 1 1 . . 2 6 5 2 . 3 . . . . . . . 1 . . . . 5 . 1 . 2 Parts Rejected 7 | . 1 . . . . . 2 . 1 . . . . . . . 2 . . . . . . . . . . 1 Parts Fused 3 | . . 1 . . . . . . 1 . . . . . . . . . . . . . . 1 . . . . Data Loss (minor) 34 | . 5 3 . . . . 7 6 2 1 1 . . . . 1 . 2 . . . 1 . 4 . . . 1 Data Loss (major) 17 | . . . 1 . . . 2 3 1 1 . . . . . . 1 . . . . . 1 7 . . . . Misfires 8 | . . 4 . . . 1 1 . 1 . . . . . . . . . . . . . . . . . . 1 Alerts 7 | . . . . . . . . 1 . . 1 . . . . 1 . . . . . . . 2 . . . 2 Misdirections 10 | . . . . . . . . 1 2 . 2 . . . . . . . . . . . . 4 . . . 1 Weapon Failures 8 | . 1 . . . . . 2 2 1 . . . . . . . . . . . . . . . . . . 2 Overload Shots . | . . . . . . . . . . . . . . . . . . . . . . . . . . . . . Overflow Damage 2199 | . . . . . . . 183 3 32 . 3 303 2 22 . 71 141 . . . . 405 333 228 . 111 178 184 Projectiles 3 | . . . . . . . . . . . . . . . . . . . . . . . . 3 . . . . Explosions 135 | . . . . . . . 33 3 32 . 3 . 2 . . . . . . . . . . 62 . . . . Melee 2061 | . . . . . . . 150 . . . . 303 . 22 . 71 141 . . . . 405 333 163 . 111 178 184 Knockbacks 1 | . . . . . . . . . . . . . . . . . . . . . . . . . . . . 1 Impact . | . . . . . . . . . . . . . . . . . . . . . . . . . . . . . Kinetic 1 | . . . . . . . . . . . . . . . . . . . . . . . . . . . . 1 Secondary . | . . . . . . . . . . . . . . . . . . . . . . . . . . . . . Self-Inflicted Damage 291 | . 3 . . . . . 49 55 28 . 60 . 23 . . . . . . . . . . 73 . . . . Shots 9 | . . . . . . . 1 1 1 . 2 . 1 . . . . . . . . . . 3 . . . . Rammed 12 | . 9 . . . . . 1 . . . 2 . . . . . . . . . . . . . . . . . Targets Rammed 14 | . 11 . . . . . 1 . . . 2 . . . . . . . . . . . . . . . . . Kicked . | . . . . . . . . . . . . . . . . . . . . . . . . . . . . . Crushed 2 | . 2 . . . . . . . . . . . . . . . . . . . . . . . . . . . Highest Temperature 342 | . 87 260 173 . . 240 342 242 . 3 262 . . 4 . . 8 216 3 . 134 235 . 211 . 192 . 212 Average Temperature 86 | . 13 132 93 . . 130 110 85 . 3 56 . . 2 . . 4 122 3 . 83 128 . 91 . 112 . 113 Received Heat Transfer 2969 | . 276 198 . . . . 309 413 18 9 471 9 78 255 18 . 54 . 21 . 42 39 9 480 90 18 . 162 Effects 3 | . . . . . . 1 2 . . . . . . . . . . . . . . . . . . . . . Energy Bleed 3 | . . . . . . 1 2 . . . . . . . . . . . . . . . . . . . . . Siege Activations 5 | . . . . . . . . . 2 . 2 . . . . . . . . . . . . . . . . 1 Total Turns 61 | . . . . . . . . . 9 . 33 . . . . . . . . . . . . . . . . 19 Longest Duration 25 | . . . . . . . . . 5 . 25 . . . . . . . . . . . . . . . . 19 Martial Activations . | . . . . . . . . . . . . . . . . . . . . . . . . . . . . . Shielding Activations . | . . . . . . . . . . . . . . . . . . . . . . . . . . . . . Robots Disrupted . | . . . . . . . . . . . . . . . . . . . . . . . . . . . . . Combat Hostiles . | . . . . . . . . . . . . . . . . . . . . . . . . . . . . . Robots Corrupted . | . . . . . . . . . . . . . . . . . . . . . . . . . . . . . Combat Hostiles . | . . . . . . . . . . . . . . . . . . . . . . . . . . . . . Parts Fried . | . . . . . . . . . . . . . . . . . . . . . . . . . . . . . Impact Corruptions . | . . . . . . . . . . . . . . . . . . . . . . . . . . . . . Robots Melted . | . . . . . . . . . . . . . . . . . . . . . . . . . . . . . Combat Hostiles . | . . . . . . . . . . . . . . . . . . . . . . . . . . . . . Parts Melted 12 | . . 1 . . . . 7 3 . . . . . . . . . . . . . . . 1 . . . . Heat Transferred 1961 | . . . . . . . 1500 . . . . . . . . . . . . . . . . 259 . . . 202 Parts Sabotaged . | . . . . . . . . . . . . . . . . . . . . . . . . . . . . . Parts Stolen . | . . . . . . . . . . . . . . . . . . . . . . . . . . . . . Parts Stripped . | . . . . . . . . . . . . . . . . . . . . . . . . . . . . . Power Chain Reactions . | . . . . . . . . . . . . . . . . . . . . . . . . . . . . . Alert | -11 -10 -10 -8 -8 -6 -6 -6 -6 -6 -6 -6 -5 -5 -5 -5 -4 -4 -4 -4 -4 -3 -3 -3 -3 -2 -2 -1 -1 ------- Run | Yrd Mat Sub Rec Scr Fac Was Fac Ext Cet Arc Hub Fac Upp Upp War Pro Fac Upp Upp Zhi Pro Res Qua Frg Res Tes Acc Com Maximum Alert Level 4 | . 1 . . . . . 2 3 1 . 1 . . . . . . . . . . . . 4 3 2 1 2 Low Security (%) 58 | 100 40 . 100 . 100 100 47 1 89 100 68 100 . . . . 100 . . . . 100 100 39 . . . 2 Level 1 20 | . 59 . . . . . 43 48 10 . 31 . . . . . . . . . . . . 2 . . 100 34 Level 2 9 | . . . . . . . 9 31 . . . . . . . . . . . . . . . 3 3 100 . 63 Level 3 11 | . . . . . . . . 18 . . . . . . . . . . . . . . . 48 96 . . . Level 4 . | . . . . . . . . . . . . . . . . . . . . . . . . 6 . . . . Level 5 . | . . . . . . . . . . . . . . . . . . . . . . . . . . . . . High Security . | . . . . . . . . . . . . . . . . . . . . . . . . . . . . . Max Security . | . . . . . . . . . . . . . . . . . . . . . . . . . . . . . Peak Influence 1269 | 10 294 . 75 . . 16 502 900 278 147 288 133 . . . . 187 . . . . 48 45 1269 1008 579 304 655 Initial 713 | . . . . . . . . 240 254 18 40 133 . . . . . . . . . 47 24 . 713 507 256 194 Average 229 | . 174 . 17 . . 1 166 446 67 90 122 38 . . . . 28 . . . . 10 14 538 854 537 268 486 Influence Increases 9860 | 20 673 75 144 . . 24 954 1387 299 159 473 245 145 350 104 20 387 . 30 . 90 301 125 2098 520 152 178 907 Destroy 0b10 Robot/C 2900 | . 440 . . . . . 560 600 160 80 180 . 60 140 60 . 100 . . . . . 20 280 20 . . 200 Destroy 0b10 Robot/NC 395 | 20 50 . . . . . 55 15 10 5 30 40 . . . 5 15 . . . . 45 . 25 25 5 20 30 Destroy Leader 510 | . 100 . . . . . 144 72 . . 50 4 10 . . . 12 . . . . 2 . 52 10 . . 54 Allied During Kill 853 | . . . . . . . 68 537 110 58 61 . . . 14 . . . . . . . . . . . 5 . Successful Hack 416 | . 21 . 20 . . . 18 34 . . . 39 . . . . 26 . . . . 30 . 87 24 33 24 60 Select Force Hacks 180 | . 60 . 120 . . . . . . . . . . . . . . . . . . . . . . . . . Disable Machine 510 | . . . . . . . 15 15 . 15 45 15 . . . . 15 . . . . 60 30 210 45 30 . 15 Anti-Garrison Action 50 | . . . . . . . . . . . . . . . . . . . . . . . . . . . . 50 Destroy Structure 956 | . 2 . 4 . . 24 49 54 19 1 62 12 . . . . 24 . . . . 44 . 364 36 39 9 213 Partial Spotted 465 | . . . . . . . 15 . . . . . . . . . 45 . . . . 60 30 120 105 . 30 60 Lose Combat Pursuer 2625 | . . 75 . . . . 30 60 . . 45 135 75 210 30 15 150 . 30 . 90 60 45 960 255 45 90 225 Influence Decreases 9451 | 20 468 280 144 . . 24 464 1422 707 89 317 462 154 303 168 50 225 141 31 20 20 326 170 829 886 626 303 802 Entered New Map 2316 | . . 99 . . . . . 250 201 29 77 140 21 10 94 30 . 61 5 20 . 23 21 . 556 396 173 110 Time Decay 4309 | 20 448 151 144 . . 24 314 392 196 50 160 262 113 173 8 20 145 80 26 . 20 271 139 551 130 60 70 342 Search Patrol Dispatched 150 | . . . . . . . . . . . . . . . . . . . . . . . . . 150 . . . Lost Part 1180 | . 20 30 . . . . 50 40 . 10 40 50 20 120 10 . 80 . . . . 22 10 268 50 20 . 340 Lost Ally 746 | . . . . . . . 100 140 310 . 40 10 . . 56 . . . . . . 10 . 10 . . 60 10 Purge Threat 750 | . . . . . . . . 600 . . . . . . . . . . . . . . . . . 150 . . Squads Dispatched 91 | . 5 . . . . . 15 3 . . 8 4 . 1 . . 6 . . . 1 12 5 8 7 4 2 10 Investigation 35 | . 3 . . . . . 4 2 . . 2 1 . . . . 3 . . . . 9 . 4 3 2 . 2 Extermination 18 | . . . . . . . 3 . . . . 1 . . . . 3 . . . . . 3 1 1 1 1 4 Reinforcement 30 | . 2 . . . . . 5 1 . . 6 2 . . . . . . . . . 3 2 3 3 . 1 2 Assault 5 | . . . . . . . . . . . . . . 1 . . . . . . 1 . . . . 1 . 2 Garrison 3 | . . . . . . . 3 . . . . . . . . . . . . . . . . . . . . . Intercept . | . . . . . . . . . . . . . . . . . . . . . . . . . . . . . Searches Triggered 1 | . . . . . . . . . . . . . . . . . . . . . . . . . 1 . . . Construction Impeded 2 | . . . . . . . 1 . . . 1 . . . . . . . . . . . . . . . . . Haulers Reinforced 1 | . . . . . . . . . . . 1 . . . . . . . . . . . . . . . . . Active Scanning Responses . | . . . . . . . . . . . . . . . . . . . . . . . . . . . . . Cargo Convoy Interrupts . | . . . . . . . . . . . . . . . . . . . . . . . . . . . . . Stealth | -11 -10 -10 -8 -8 -6 -6 -6 -6 -6 -6 -6 -5 -5 -5 -5 -4 -4 -4 -4 -4 -3 -3 -3 -3 -2 -2 -1 -1 --------- Run | Yrd Mat Sub Rec Scr Fac Was Fac Ext Cet Arc Hub Fac Upp Upp War Pro Fac Upp Upp Zhi Pro Res Qua Frg Res Tes Acc Com Distress Signals 36 | . 4 . . . . . 2 3 1 . 3 1 . . 1 . 1 . . . . 7 . 5 3 2 1 2 Communications Jammed 7 | . . . . . . . . . . . . 7 . . . . . . . . . . . . . . . . Distress Signals 7 | . . . . . . . . . . . . 7 . . . . . . . . . . . . . . . . Times Spotted 632 | . 33 19 . . . 6 38 34 8 8 25 21 9 32 13 1 33 . 10 . 21 32 14 167 32 22 10 44 Peak Tracking Total 15 | . 5 8 . . . 5 5 5 5 2 11 6 5 9 10 1 13 . 7 . 13 6 8 15 11 15 8 8 Tactical Retreats 95 | . . 2 . . . 1 2 4 . . 2 4 3 7 1 1 5 . 1 . 4 8 2 28 7 3 3 7 Traps | -11 -10 -10 -8 -8 -6 -6 -6 -6 -6 -6 -6 -5 -5 -5 -5 -4 -4 -4 -4 -4 -3 -3 -3 -3 -2 -2 -1 -1 ------- Run | Yrd Mat Sub Rec Scr Fac Was Fac Ext Cet Arc Hub Fac Upp Upp War Pro Fac Upp Upp Zhi Pro Res Qua Frg Res Tes Acc Com Traps Triggered 15 | . 2 1 . . 1 . 3 3 . . . . . . . . . . . . . . . 2 1 2 . . Indirectly . | . . . . . . . . . . . . . . . . . . . . . . . . . . . . . Trap Hack Attempts . | . . . . . . . . . . . . . . . . . . . . . . . . . . . . . Triggered . | . . . . . . . . . . . . . . . . . . . . . . . . . . . . . Disarmed . | . . . . . . . . . . . . . . . . . . . . . . . . . . . . . Reprogrammed . | . . . . . . . . . . . . . . . . . . . . . . . . . . . . . Reused . | . . . . . . . . . . . . . . . . . . . . . . . . . . . . . Traps Extracted . | . . . . . . . . . . . . . . . . . . . . . . . . . . . . . Installed . | . . . . . . . . . . . . . . . . . . . . . . . . . . . . . Triggered . | . . . . . . . . . . . . . . . . . . . . . . . . . . . . . Machines | -11 -10 -10 -8 -8 -6 -6 -6 -6 -6 -6 -6 -5 -5 -5 -5 -4 -4 -4 -4 -4 -3 -3 -3 -3 -2 -2 -1 -1 ---------- Run | Yrd Mat Sub Rec Scr Fac Was Fac Ext Cet Arc Hub Fac Upp Upp War Pro Fac Upp Upp Zhi Pro Res Qua Frg Res Tes Acc Com Machines Disabled 41 | . . 1 . . . . 1 2 . 1 3 1 . . 1 . 1 . . . . 4 2 16 3 2 . 3 Max in Single Turn 4 | . . 1 . . . . 1 1 . 1 2 1 . . 1 . 1 . . . . 1 1 4 1 1 . 2 Garrison Access 4 | . . . . . . . . . . . 1 1 . . . . . . . . . 2 . . . . . . Phase Generator 1 | . . . . . . . . . . . . . . . . . . . . . . . . . . . . 1 Machines Repaired . | . . . . . . . . . . . . . . . . . . . . . . . . . . . . . Machines Dismantled . | . . . . . . . . . . . . . . . . . . . . . . . . . . . . . Machines Sabotaged . | . . . . . . . . . . . . . . . . . . . . . . . . . . . . . Overloaded Fab Kills . | . . . . . . . . . . . . . . . . . . . . . . . . . . . . . Hacking | -11 -10 -10 -8 -8 -6 -6 -6 -6 -6 -6 -6 -5 -5 -5 -5 -4 -4 -4 -4 -4 -3 -3 -3 -3 -2 -2 -1 -1 --------- Run | Yrd Mat Sub Rec Scr Fac Was Fac Ext Cet Arc Hub Fac Upp Upp War Pro Fac Upp Upp Zhi Pro Res Qua Frg Res Tes Acc Com Machines Accessed 138 | . 7 1 9 1 2 . 13 13 . . 4 9 . . 2 . 7 2 . 4 . 16 6 12 8 4 6 12 Terminals 80 | . 5 . 5 . 2 . 6 13 . . 3 6 . . . . 3 . . . . 4 5 5 3 3 5 12 Fabricators 6 | . . . . . . . . . . . . . . . . . 1 . . . . 1 . 3 1 . . . Repair Stations 7 | . . . . . . . 1 . . . . 1 . . . . 1 . . . . 1 . 1 2 . . . Recycling Units 24 | . 2 . 4 . . . 4 . . . . 1 . . . . 2 . . . . 5 . 3 2 . 1 . Scanalyzers 5 | . . . . . . . 1 . . . . . . . . . . . . . . 2 1 . . 1 . . Garrison Access 6 | . . . . . . . 1 . . . 1 1 . . . . . . . . . 3 . . . . . . Total Hacks 377 | . 24 1 31 3 7 . 31 27 . . 10 35 . . 2 . 24 8 . 17 . 50 7 24 22 11 11 32 Successful 197 | . 13 1 18 3 2 . 16 14 . . 4 17 . . 2 . 14 8 . 17 . 17 3 13 7 7 9 12 Failed 180 | . 11 . 13 . 5 . 15 13 . . 6 18 . . . . 10 . . . . 33 4 11 15 4 2 20 Catastrophic 39 | . 3 . . . . . 3 2 . . 3 6 . . . . 5 . . . . 1 1 3 2 . . 10 Database Lockouts . | . . . . . . . . . . . . . . . . . . . . . . . . . . . . . Manual 188 | . 20 . 24 . 6 . 13 3 1 . 9 21 . . . . 12 . . . . 22 5 13 16 4 5 14 Terminals 221 | . 18 . 19 . 7 . 11 27 . . 9 28 . . . . 13 . . . . 12 6 11 8 10 10 32 Fabricators 11 | . . . . . . . . . . . . . . . . . 3 . . . . 2 . 4 2 . . . Repair Stations 17 | . . . . . . . 3 . . . . 4 . . . . 3 . . . . 2 . 1 4 . . . Recycling Units 74 | . 6 . 12 . . . 11 . . . . 2 . . . . 5 . . . . 21 . 8 8 . 1 . Scanalyzers 11 | . . . . . . . 3 . . . . . . . . . . . . . . 6 1 . . 1 . . Garrison Access 12 | . . . . . . . 3 . . . 1 1 . . . . . . . . . 7 . . . . . . Terminal Hacks 84 | . 2 1 2 3 1 . 1 13 . . 1 6 . . 2 . 5 8 . 17 . 1 2 1 1 4 6 7 Record 16 | . . . . 3 . . . . . . . . . . . . . 7 . 5 . . 1 . . . . . Part Schematic 4 | . . . . . . . . . . . . . . . . . . . . 4 . . . . . . . . Robot Analysis 4 | . . . . . . . . . . . . . . . . . . . . 4 . . . . . . . . Prototype ID Bank 7 | . . . . . . . . . . . . . . . . . 1 . . 4 . . . . . . 1 1 Open Door 15 | . . . . . . . 1 7 . . . . . . 2 . . 1 . . . . . . . . 3 1 Level Access Points 1 | . . . . . . . . . . . . . . . . . . . . . . . . . . 1 . . Branch Access Points 4 | . . . . . . . . . . . . 1 . . . . 1 . . . . 1 . . 1 . . . Emergency Access Points 1 | . . . . . . . . . . . . . . . . . . . . . . . . . . . . 1 Machine Index 1 | . . . . . . . . . . . . . . . . . . . . . . . . . . . . 1 Terminal Index 5 | . 1 . 1 . . . . . . . . 1 . . . . 1 . . . . . . . . 1 . . Recycling Unit Index 1 | . 1 . . . . . . . . . . . . . . . . . . . . . . . . . . . Garrison Index 1 | . . . . . . . . . . . . . . . . . . . . . . . . 1 . . . . Alert Level 4 | . . . . . . . . 2 . . . 2 . . . . . . . . . . . . . . . . Unreport Threat 5 | . . . . . . . . 4 . . . . . . . . . . . . . . . . . 1 . . Locate Traps 2 | . . . . . . . . . . . . 1 . . . . . . . . . . . . . . . 1 Dispatch Records 1 | . . . . . . . . . . . . . . . . . . . . . . . . . . . 1 . Recall Reinforcements 1 | . . . . . . . . . . . . . . . . . . . . . . . . . . . 1 . Registered Components 1 | . . . . . . . . . . . . . . . . . . . . . . . . . . . . 1 Zone Layout 7 | . . . 1 . 1 . . . . . 1 1 . . . . 2 . . . . . 1 . . . . . Proto ID Catalog 1 | . . 1 . . . . . . . . . . . . . . . . . . . . . . . . . . Protovariant Controls 1 | . . . . . . . . . . . . . . . . . . . . . . . . . . 1 . . Disengage Seal 1 | . . . . . . . . . . . . . . . . . . . . . . . . . . . . 1 Fabricator Hacks 4 | . . . . . . . . . . . . . . . . . 1 . . . . 1 . 2 . . . . Network Status 2 | . . . . . . . . . . . . . . . . . 1 . . . . 1 . . . . . . Build 2 | . . . . . . . . . . . . . . . . . . . . . . . . 2 . . . . Repair Station Hacks 9 | . . . . . . . 2 . . . . 3 . . . . 2 . . . . . . 1 1 . . . Scan Component 4 | . . . . . . . 1 . . . . 2 . . . . 1 . . . . . . . . . . . Repair 3 | . . . . . . . 1 . . . . 1 . . . . 1 . . . . . . . . . . . Refit 2 | . . . . . . . . . . . . . . . . . . . . . . . . 1 1 . . . Recycling Unit Hacks 26 | . 3 . 5 . . . 5 . . . . 1 . . . . 2 . . . . 6 . 2 2 . . . Report Inventory 19 | . 2 . 4 . . . 3 . . . . 1 . . . . 2 . . . . 3 . 2 2 . . . Retrieve Components 7 | . 1 . 1 . . . 2 . . . . . . . . . . . . . . 3 . . . . . . Scanalyzer 3 | . . . . . . . 3 . . . . . . . . . . . . . . . . . . . . . Insert Component 1 | . . . . . . . 1 . . . . . . . . . . . . . . . . . . . . . Analyze 2 | . . . . . . . 2 . . . . . . . . . . . . . . . . . . . . . Garrison Access Hacks 4 | . . . . . . . . . . . 1 1 . . . . . . . . . 2 . . . . . . Seal Access 4 | . . . . . . . . . . . 1 1 . . . . . . . . . 2 . . . . . . Unauthorized Hacks 65 | . 8 . 11 . 1 . 5 1 . . 2 6 . . . . 4 . . . . 7 1 7 2 3 2 5 Terminals 42 | . 6 . 7 . 1 . 1 1 . . 2 5 . . . . 2 . . . . 3 . 4 1 2 2 5 Assimilate 7 | . . . . . . . . 1 . . . 1 . . . . . . . . . 1 . 1 . 1 1 1 Botnet 26 | . 1 . 4 . 1 . 1 . . . 1 4 . . . . 2 . . . . 2 . 3 1 1 1 4 Skim 8 | . 5 . 3 . . . . . . . . . . . . . . . . . . . . . . . . . Sabotage 1 | . . . . . . . . . . . 1 . . . . . . . . . . . . . . . . . Fabricators . | . . . . . . . . . . . . . . . . . . . . . . . . . . . . . Repair Stations 1 | . . . . . . . . . . . . . . . . . . . . . . . . . 1 . . . Patch 1 | . . . . . . . . . . . . . . . . . . . . . . . . . 1 . . . Recycling Units 20 | . 2 . 4 . . . 4 . . . . 1 . . . . 2 . . . . 4 . 3 . . . . Tunnel 6 | . 2 . 4 . . . . . . . . . . . . . . . . . . . . . . . . . Fedlink 13 | . . . . . . . 3 . . . . 1 . . . . 2 . . . . 4 . 3 . . . . Scrapoids 1 | . . . . . . . 1 . . . . . . . . . . . . . . . . . . . . . Scanalyzers 2 | . . . . . . . . . . . . . . . . . . . . . . . 1 . . 1 . . Researchers 2 | . . . . . . . . . . . . . . . . . . . . . . . 1 . . 1 . . Garrison Access . | . . . . . . . . . . . . . . . . . . . . . . . . . . . . . Data Cores Recovered 2 | . . . . . . . . . . . . . . . . . . . . . . 1 . . . . . 1 Used . | . . . . . . . . . . . . . . . . . . . . . . . . . . . . . Hacking Detections 95 | . 4 . 7 . 2 . 9 7 1 . 2 6 . . . . 6 . . . . 15 3 8 7 4 3 11 Full Trace Events 12 | . . . . . . . . 2 . . 1 . . . . . 1 . . . . 3 . 1 2 . . 2 Feedback Events 2 | . . . . . . . . . . . . . . . . . . . . . . 1 . . . . . 1 Corruption 1 | . . . . . . . . . . . . . . . . . . . . . . 1 . . . . . . Hackware Fried 1 | . . . . . . . . . . . . . . . . . . . . . . . . . . . . 1 Feedback Blocked 1 | . . . . . . . . . . . . . . . . . . . . . . . . . 1 . . . Robot Schematics Acquired . | . . . . . . . . . . . . . . . . . . . . . . . . . . . . . Robots Built . | . . . . . . . . . . . . . . . . . . . . . . . . . . . . . Authchips . | . . . . . . . . . . . . . . . . . . . . . . . . . . . . . Time . | . . . . . . . . . . . . . . . . . . . . . . . . . . . . . Total Robot Build Rating . | . . . . . . . . . . . . . . . . . . . . . . . . . . . . . Part Schematics Acquired 10 | . . . . . . . 1 . . . . . . . . . . . . 4 . . 5 . . . . . Parts Built 3 | . . . . . . . . . . . . . . . . . . . . . . . . 3 . . . . Authchips . | . . . . . . . . . . . . . . . . . . . . . . . . . . . . . Time 88 | . . . . . . . . . . . . . . . . . . . . . . . . 88 . . . . Total Part Build Rating 26 | . . . . . . . . . . . . . . . . . . . . . . . . 26 . . . . Parts Repaired 3 | . . . . . . . 1 . . . . 1 . . . . 1 . . . . . . . . . . . Time 208 | . . . . . . . 62 . . . . 124 . . . . 22 . . . . . . . . . . . Parts Recycled . | . . . . . . . . . . . . . . . . . . . . . . . . . . . . . Recycled Matter . | . . . . . . . . . . . . . . . . . . . . . . . . . . . . . Retrieved Matter . | . . . . . . . . . . . . . . . . . . . . . . . . . . . . . Retrieved Components 44 | . 10 . 2 . . . 10 . . . . . . . . . . . . . . 22 . . . . . . Parts Scanalyzed 1 | . . . . . . . 1 . . . . . . . . . . . . . . . . . . . . . Part Schematics Acquired 1 | . . . . . . . 1 . . . . . . . . . . . . . . . . . . . . . Parts Damaged . | . . . . . . . . . . . . . . . . . . . . . . . . . . . . . Bothacking | -11 -10 -10 -8 -8 -6 -6 -6 -6 -6 -6 -6 -5 -5 -5 -5 -4 -4 -4 -4 -4 -3 -3 -3 -3 -2 -2 -1 -1 ------------ Run | Yrd Mat Sub Rec Scr Fac Was Fac Ext Cet Arc Hub Fac Upp Upp War Pro Fac Upp Upp Zhi Pro Res Qua Frg Res Tes Acc Com Used RIF Installer . | . . . . . . . . . . . . . . . . . . . . . . . . . . . . . Robots Hacked . | . . . . . . . . . . . . . . . . . . . . . . . . . . . . . Non-combat . | . . . . . . . . . . . . . . . . . . . . . . . . . . . . . Combat . | . . . . . . . . . . . . . . . . . . . . . . . . . . . . . Robot Hacks Applied . | . . . . . . . . . . . . . . . . . . . . . . . . . . . . . Relay Couplers Released . | . . . . . . . . . . . . . . . . . . . . . . . . . . . . . Fabnet Peak Effective % . | . . . . . . . . . . . . . . . . . . . . . . . . . . . . . Robots Rewired 22 | . . . . . . . . 17 . . . . . . 5 . . . . . . . . . . . . . Allies Hacked . | . . . . . . . . . . . . . . . . . . . . . . . . . . . . . Hacks Repelled . | . . . . . . . . . . . . . . . . . . . . . . . . . . . . . Allies | -11 -10 -10 -8 -8 -6 -6 -6 -6 -6 -6 -6 -5 -5 -5 -5 -4 -4 -4 -4 -4 -3 -3 -3 -3 -2 -2 -1 -1 -------- Run | Yrd Mat Sub Rec Scr Fac Was Fac Ext Cet Arc Hub Fac Upp Upp War Pro Fac Upp Upp Zhi Pro Res Qua Frg Res Tes Acc Com Total Allies 51 | . . . . . . . 5 27 5 . . 1 . . 5 . . . . . . 1 . 1 . 1 4 1 Largest Group 19 | . . . . . . . 5 19 19 3 3 1 . . 5 . . . . . . 1 . 1 . . 5 1 Highest-Rated Group 671 | . . . . . . . 140 671 671 281 281 23 . . 230 . . . . . . 45 . 26 . . 443 45 Highest-Rated Ally 159 | . . . . . . . 28 159 149 96 96 23 . . 64 . . . . . . 45 . 26 . . 135 45 Total Orders . | . . . . . . . . . . . . . . . . . . . . . . . . . . . . . Ally Attacks 414 | . . . . . . . 78 183 107 21 13 . . . 10 . . . . . . . . . . . 2 . Total Damage 8723 | . . . . . . . 1280 3418 2536 603 536 . . . 336 . . . . . . . . . . . 14 . Kills 48 | . . . . . . . 9 20 11 3 2 . . . 3 . . . . . . . . . . . . . Allies Corrupted 2 | . . . . . . . . . 1 . . . . . . . . . . . . . . . . . 1 . Allies Melted . | . . . . . . . . . . . . . . . . . . . . . . . . . . . . . Intel | -11 -10 -10 -8 -8 -6 -6 -6 -6 -6 -6 -6 -5 -5 -5 -5 -4 -4 -4 -4 -4 -3 -3 -3 -3 -2 -2 -1 -1 ------- Run | Yrd Mat Sub Rec Scr Fac Was Fac Ext Cet Arc Hub Fac Upp Upp War Pro Fac Upp Upp Zhi Pro Res Qua Frg Res Tes Acc Com Active Infowar (turns) 13433 | 27 1370 1749 225 . 78 193 481 78 537 104 354 721 506 641 21 210 831 176 111 65 121 1275 402 1864 279 138 158 718 Optics 9232 | . . . . . . . . . 537 104 354 721 506 641 21 210 831 176 111 65 121 1275 402 1864 279 138 158 718 Sensors 4510 | . . . . . 78 193 481 78 . . . 707 . . . . . 165 95 65 121 1053 402 299 141 63 158 411 Terrain 3271 | 27 1370 1649 225 . . . . . . . . . . . . . . . . . . . . . . . . . Structural 4213 | . . 100 . . . . . . . . . 308 504 557 . . 251 . . . . 762 402 624 81 71 92 461 Triangulation 984 | . . . . . . . . . . . . . . . . . . . . . . 317 375 292 . . . . Jamming 428 | . . . . . . . . . . . . 57 . . . . . 1 2 . . 1 367 . . . . . ECM 952 | . . . . . . . . . . . . 4 . . . . . . 32 55 52 654 155 . . . . . Robot Analysis Total 4 | . . . . . . . . . . . . . . . . . . . . 4 . . . . . . . . Derelict Logs Recovered 8 | . . 1 . 3 . . . . . . . . 1 . . 2 . 1 . . . . . . . . . . Drone Launches . | . . . . . . . . . . . . . . . . . . . . . . . . . . . . . Drone Recoveries . | . . . . . . . . . . . . . . . . . . . . . . . . . . . . . Exploration | -11 -10 -10 -8 -8 -6 -6 -6 -6 -6 -6 -6 -5 -5 -5 -5 -4 -4 -4 -4 -4 -3 -3 -3 -3 -2 -2 -1 -1 ------------- Run | Yrd Mat Sub Rec Scr Fac Was Fac Ext Cet Arc Hub Fac Upp Upp War Pro Fac Upp Upp Zhi Pro Res Qua Frg Res Tes Acc Com Turns Passed 20156 | 204 1371 1761 586 3691 92 193 1150 922 541 104 354 721 506 795 758 210 831 176 111 65 121 1275 402 1864 279 138 158 777 Spaces Moved 23754 | 81 579 981 342 3397 88 169 1031 529 175 39 169 621 361 565 857 311 793 409 352 179 397 2871 881 4281 919 408 382 1587 Core 894 | 2 . . . 439 . . . . 5 . . . 127 198 114 2 1 . . . . . . . . . . 6 Treads 1023 | 79 131 332 . . . . . . 133 39 169 5 26 100 . . . . . . . . . . . . . 9 Legs 211 | . . . . . . . . . . . . . . 211 . . . . . . . . . . . . . . Wheels 6444 | . 448 649 342 2958 88 169 1031 529 28 . . . 202 . . . . . . . . . . . . . . . Hover 1336 | . . . . . . . . . . . . . . 56 723 309 168 . . . . . . . . . . 80 Flight 13846 | . . . . . . . . . 9 . . 616 6 . 20 . 624 409 352 179 397 2871 881 4281 919 408 382 1492 Fastest Speed 7 | 50 115 120 120 50 90 80 80 90 90 160 160 32 32 70 26 46 24 28 28 28 24 24 20 7 15 19 19 20 Average Speed 61 | 157 127 160 120 103 90 81 80 91 169 160 160 72 118 117 70 58 33 36 28 28 28 29 23 31 16 19 19 26 Slowest Speed 950 | 160 160 240 120 950 100 90 90 100 850 160 160 160 160 200 400 450 550 40 30 28 30 172 24 175 22 75 22 180 Overloaded Moves 670 | . . . . . . . . . . . . 18 2 . 20 . 4 . . . 46 133 28 412 . 7 . . Propulsion Burnouts . | . . . . . . . . . . . . . . . . . . . . . . . . . . . . . Robots Hopped 105 | . . . . . . . . . . . . 1 . . . . 12 . 4 . 3 9 6 30 17 10 7 6 Potential Cave-ins 10 | . . . . . . . . . . . . . . . . . . . . . . . . 10 . . . . Cave-ins Triggered . | . . . . . . . . . . . . . . . . . . . . . . . . . . . . . Exploration Rate (%) 54 | 4 87 57 73 87 2 75 36 75 59 77 23 20 52 66 96 69 29 58 59 62 64 62 69 63 29 65 15 50 Regions Visited 28 Branch Regions 19 Pre-discovered Areas 15 | . 4 . 4 1 . . 1 . . . . . . . . 2 . . . 3 . . . . . . . . Known Exits Taken 22 | . . . 1 1 . . 1 1 1 1 1 1 1 1 . 1 1 1 1 1 1 1 1 1 1 1 1 . Unknown Exits Taken 4 | 1 1 1 . . . . . . . . . . . . 1 . . . . . . . . . . . . . Scrap Searched 24 | . . . . 11 . . . . . . . . 4 2 . 1 . 2 1 . 3 . . . . . . . Spaces Dug 126 | . . 4 4 . . . 3 . . . 1 6 12 . . . 12 3 3 . 3 22 . 20 3 1 2 27 Terrain Destroyed 726 | . . 4 4 . . 40 62 87 14 . 55 6 51 8 . . 12 3 3 . 3 22 . 225 13 14 3 97 Melee 106 | . . 4 4 . . . 3 . . . 1 6 . . . . 12 3 3 . 3 22 . 16 . 1 2 26 Projectile 114 | . . . . . . 3 42 . . . 3 . 27 7 . . . . . . . . . 6 11 13 1 1 AOE 502 | . . . . . . 37 17 86 14 . 51 . 24 . . . . . . . . . . 203 . . . 70 Terrain Rammed . | . . . . . . . . . . . . . . . . . . . . . . . . . . . . . Walls Destroyed . | . . . . . . . . . . . . . . . . . . . . . . . . . . . . . Machines Disabled . | . . . . . . . . . . . . . . . . . . . . . . . . . . . . . Actions | -11 -10 -10 -8 -8 -6 -6 -6 -6 -6 -6 -6 -5 -5 -5 -5 -4 -4 -4 -4 -4 -3 -3 -3 -3 -2 -2 -1 -1 --------- Run | Yrd Mat Sub Rec Scr Fac Was Fac Ext Cet Arc Hub Fac Upp Upp War Pro Fac Upp Upp Zhi Pro Res Qua Frg Res Tes Acc Com Total 28139 | 116 1052 1116 515 3627 101 208 1266 862 406 62 217 867 406 639 1011 338 1299 431 353 191 398 3226 1049 4683 1010 443 444 1803 Wait 2454 | 4 341 80 157 2 . . 101 87 195 14 25 201 . 2 71 18 423 10 . . . 253 159 129 31 8 55 88 Move 23534 | 80 578 980 341 3396 88 168 1030 528 174 38 168 618 360 564 856 310 769 408 344 178 391 2853 868 4227 887 388 368 1576 Hop 88 | . . . . . . . . . . . . 1 . . . . 11 . 3 . 2 8 6 23 14 9 6 5 Pick Up 243 | 4 16 9 3 106 . 10 9 6 4 . . 6 6 3 5 1 8 1 . 2 . 11 1 21 2 2 1 6 Fast Attach 176 | 7 1 . 1 8 1 1 15 3 4 . . 1 4 13 11 . 16 3 1 3 . 17 1 34 11 6 3 11 Attach 106 | . 2 4 1 1 7 1 1 3 7 . 1 7 5 4 5 3 5 2 . 2 . 8 1 16 6 3 . 11 Detach 86 | . . . 2 8 2 . 2 . 4 . . . . 6 3 3 6 2 . 1 . 10 . 24 4 5 1 3 Swap 104 | . 5 4 2 1 2 1 7 4 3 . 2 8 1 . 1 . 7 . 2 3 2 15 5 9 5 6 . 9 Drop 251 | . 9 5 4 105 1 4 11 9 4 . . 4 1 6 7 . 13 2 . 2 . 15 1 31 8 2 1 6 Fire 559 | 21 89 27 . . . 23 80 101 11 10 17 . 29 32 . . . . . . . . . 52 30 11 3 23 Melee 251 | . . 7 4 . . . 9 . . . 2 21 . 8 1 3 41 3 3 . 3 36 7 28 1 3 6 65 Ram 5 | . 4 . . . . . 1 . . . . . . . . . . . . . . . . . . . . . Kick . | . . . . . . . . . . . . . . . . . . . . . . . . . . . . . Crush 9 | . 7 . . . . . . . . . 2 . . . . . . . . . . . . . . . . . Escape Stasis 52 | . . . . . . . . 24 . . . . . . . . . . . . . . . 17 11 . . . Rewire 148 | . . . . . . . . 97 . . . . . . 51 . . . . . . . . . . . . . Trap . | . . . . . . . . . . . . . . . . . . . . . . . . . . . . . Miscellaneous 73 | . . . . . . . . . . . . . . 1 . . . . . . . . . 72 . . . . Route ------- -11/Scrapyard -10/Materials (discovered 5 exits: *Mat x3 / [*Min] / *Sub) -10/Subcaves (discovered 2 exits: [*Mat] / *Rec) -8/Recycling (discovered 2 exits: Fac / *Scr) -8/Scraptown (discovered 2 exits: *Fac x2) -6/Factory -6/Waste -6/Factory (discovered 3 exits: *Fac / *Low / *Ext) -6/Extension (discovered 2 exits: *Fac / *Cet) -6/Cetus (discovered 2 exits: *Fac / *Arc) -6/Archives (discovered 2 exits: *Fac / *Hub) -6/Hub_04(d) -5/Factory (discovered 2 exits: *Upp x2) -5/Upper Caves -5/Upper Caves (discovered 2 exits: *Fac / *War) -5/Warlord -4/Proximity Caves -4/Factory (discovered 2 exits: *Upp x2) -4/Upper Caves -4/Upper Caves (discovered 2 exits: Res / *Zhi) -4/Zhirov -3/Proximity Caves -3/Research (discovered 4 exits: *Res / Arm / *Qua x2) -3/Quarantine (discovered 2 exits: *Sec / *Frg) -3/Protoforge -2/Research (discovered 2 exits: *Tes x2) -2/Testing -1/Access (discovered 2 exits: Sur / *Com) -1/Command History --------- Turn | Location | Event 24 | -11/Scrapyard | Discovered new exit (range 16) 205 | -11/Scrapyard | Entered Materials 301 | -10/Materials | Build established: Mutant 508 | -10/Materials | Discovered new exit (range 16) 828 | -10/Materials | Discovered new exit (range 10) 916 | -10/Materials | Discovered new exit (range 16) 1292 | -10/Materials | Core integrity fell below 50% 1314 | -10/Materials | Discovered new exit (range 6) 1364 | -10/Materials | Learned location of 1 exit from Recycling 1406 | -10/Materials | Learned location of 1 exit from Recycling 1436 | -10/Materials | Learned location of Storage (-8) 1457 | -10/Materials | Identified exit to Materials 1467 | -10/Materials | Learned 2 Mines zone layouts 1478 | -10/Materials | Learned location of Recycling (-8) 1520 | -10/Materials | Loaded intel: 21 trap records 1576 | -10/Materials | Entered Subcaves 2046 | -10/Subcaves | Shifting Twisted Machinery released Lgt. Humpback 2048 | -10/Subcaves | Shifting Twisted Machinery released Mak. Hacking Suite 2361 | -10/Subcaves | Learned Materials stockpile data 2819 | -10/Subcaves | Shifting Twisted Machinery released Mak. System Shield 2819 | -10/Subcaves | Discovered new exit (range 12) 2820 | -10/Subcaves | Shifting Twisted Machinery released Battle Cannon 2824 | -10/Subcaves | Ambushed by Subdweller buried in earth 2825 | -10/Subcaves | Core integrity fell below 20% 2918 | -10/Subcaves | Ambushed by angry Subdweller bent on revenge 3155 | -10/Subcaves | Visited 4L-MR0's lab 3166 | -10/Subcaves | Found Prototype Power Core 3169 | -10/Subcaves | Identified Meta Core 3332 | -10/Subcaves | Discovered new exit (range 3) 3337 | -10/Subcaves | Entered Recycling 3338 | -8/Recycling | Identified exit to Factory 3338 | -8/Recycling | Identified exit to Scraptown 3891 | -8/Recycling | Scanned before Scraplab entrance 3909 | -8/Recycling | Entered Scraplab 3923 | -8/Recycling | Entered Scraptown 3923 | -8/Scraptown | System corruption cleaned by C-Scrubber 3982 | -8/Scraptown | Heard Great Nut preacher, LISTEN AND RECITE! 4018 | -8/Scraptown | Scanned Subdweller tech in exchange for log data 4022 | -8/Scraptown | Learned location of Extension (-6) 4023 | -8/Scraptown | Learned Research emergency access door positions 4042 | -8/Scraptown | Discovered exit to Factory (range 11) 4153 | -8/Scraptown | Visited Bundlers 4220 | -8/Scraptown | Visited SPCMW 4241 | -8/Scraptown | Visited Fellowship of the Rings 4264 | -8/Scraptown | Visited Shadow of the Wyrm 4304 | -8/Scraptown | Visited CR-KLE's Repair Center 4316 | -8/Scraptown | Visited Assassins FH 4607 | -8/Scraptown | Visited UFD Registry 4607 | -8/Scraptown | Registered with UFD as "Ionmachine" 4768 | -8/Scraptown | Visited Modified Component R&D 4853 | -8/Scraptown | Visited Infowarlord's Domain 4871 | -8/Scraptown | Visited Science Testing Area 4899 | -8/Scraptown | Visited LU-1G1's Boring Crew 4935 | -8/Scraptown | Visited Observation Area 4974 | -8/Scraptown | Visited DA-N13 Charitable Foundation 4978 | -8/Scraptown | Found DCF Scrap (30 items) 5001 | -8/Scraptown | Visited Derelict Rescue Squad 5010 | -8/Scraptown | Found DRS Beacon 5047 | -8/Scraptown | Visited Abandonware Association 5078 | -8/Scraptown | Visited Junk Repository 5653 | -8/Scraptown | Found Scrap Suit 6109 | -8/Scraptown | Guru changed UFD alias to "Matrixspreader" 7241 | -8/Scraptown | Attached Meta Core, gained temporary slots: Propulsion, Utility, Weapon 7508 | -8/Scraptown | Met Optimus 7508 | -8/Scraptown | Accepted into 0bPrime 7611 | -8/Scraptown | Discovered exit to Factory (range 5) 7614 | -8/Scraptown | Entered Factory 7614 | -6/Factory | Evolved 8 slots: Propulsion x3, Utility x5 7615 | -6/Factory | Identified exit to Lower Caves 7706 | -6/Factory | Sucked down chute 7706 | -6/Factory | Entered Waste 7715 | -6/Waste | Spotted C-40 Crusher 7721 | -6/Waste | EMP discharged 7749 | -6/Waste | Spotted C-40 Crusher 7764 | -6/Waste | Destroyed C-40 Crusher 7767 | -6/Waste | Spotted C-40 Crusher 7784 | -6/Waste | Found Broken Exp. Signal Interpreter 7802 | -6/Waste | Spotted C-40 Crusher 7816 | -6/Waste | Spotted C-40 Crusher 7821 | -6/Waste | EMP discharged 7821 | -6/Waste | System corruption reached 10% 7835 | -6/Waste | Spotted C-40 Crusher 7890 | -6/Waste | Discovered new exit (range 11) 7897 | -6/Waste | Identified exit to Factory 7899 | -6/Waste | Entered Factory 8102 | -6/Factory | Repaired Broken Exp. Signal Interpreter 8133 | -6/Factory | Loaded intel: 8 recycling unit locations 8359 | -6/Factory | Garrison activated, responded to threat 8433 | -6/Factory | Learned location of Protoforge (-3) 8441 | -6/Factory | Allied Derelicts emerged from ambush trap array 8587 | -6/Factory | Build established: Scrapper 8694 | -6/Factory | Discovered new exit (range 11) 8725 | -6/Factory | Identified exit to Factory 8869 | -6/Factory | Scrapoid reinforcements arrived 8928 | -6/Factory | Discovered exit to Lower Caves (range 5) 9036 | -6/Factory | Lost 3 allies 9046 | -6/Factory | Discovered new exit (range 6) 9049 | -6/Factory | Identified exit to Extension 9049 | -6/Factory | Entered Extension 9096 | -6/Extension | Rescued a captive Derelict 9098 | -6/Extension | Rescued a captive Derelict 9348 | -6/Extension | Rescued a captive Derelict 9437 | -6/Extension | Rescued A7 9439 | -6/Extension | Found Hvy. Reflective Plating 9454 | -6/Extension | Rescued a captive Derelict 9472 | -6/Extension | Rescued a captive Derelict 9530 | -6/Extension | Spotted B-75 Beast 9539 | -6/Extension | Spotted B-75 Beast 9558 | -6/Extension | Allies destroyed B-75 Beast 9559 | -6/Extension | Allies destroyed B-75 Beast 9585 | -6/Extension | Rescued a captive Derelict 9586 | -6/Extension | Rescued a captive Derelict 9778 | -6/Extension | Rescued a captive Derelict 9827 | -6/Extension | Build established: Commander-Mutant 9876 | -6/Extension | Discovered exit to Factory (range 10) 9877 | -6/Extension | Discovered new exit (range 6) 9887 | -6/Extension | Identified exit to Cetus 9971 | -6/Extension | Entered Cetus 9971 | -6/Cetus | Accompanied by 19 allies (A7) 9976 | -6/Cetus | Acquired a Cetus Manufacturing Module code from A7 10006 | -6/Cetus | Spotted Cetus Guard 10006 | -6/Cetus | Spotted Cetus Guard 10014 | -6/Cetus | Spotted Cetus Guard 10014 | -6/Cetus | Allies destroyed Cetus Guard 10020 | -6/Cetus | Murdered 3 allies 10023 | -6/Cetus | Spotted Cetus Guard 10031 | -6/Cetus | Extracted ID and sensor layout for unrecognized location from A7's data core 10048 | -6/Cetus | Allies destroyed Cetus Guard 10056 | -6/Cetus | Allies destroyed Cetus Guard 10058 | -6/Cetus | Allies destroyed Cetus Guard 10080 | -6/Cetus | Lost 14 allies 10129 | -6/Cetus | Started Cetus Manufacturing Module 10154 | -6/Cetus | Manufactured an Enhanced Grunt 10179 | -6/Cetus | Manufactured an Enhanced Grunt 10193 | -6/Cetus | Discovered new exit (range 21) 10204 | -6/Cetus | Manufactured an Enhanced Grunt 10229 | -6/Cetus | Manufactured an Enhanced Grunt 10254 | -6/Cetus | Manufactured an Enhanced Grunt 10358 | -6/Cetus | Spotted Cetus Guard 10363 | -6/Cetus | Spotted Cetus Guard 10363 | -6/Cetus | Spotted Cetus Guard 10363 | -6/Cetus | Spotted Cetus Guard 10384 | -6/Cetus | Allies destroyed Cetus Guard 10384 | -6/Cetus | Allies destroyed Cetus Guard 10387 | -6/Cetus | Discovered exit to Factory (range 22) 10387 | -6/Cetus | Allies destroyed Cetus Guard 10399 | -6/Cetus | Allies destroyed Cetus Guard 10425 | -6/Cetus | Lost 4 allies 10429 | -6/Cetus | Met Revision 17 10503 | -6/Cetus | Identified exit to Archives 10512 | -6/Cetus | Entered Archives 10512 | -6/Archives | Accompanied by 3 allies 10579 | -6/Archives | Discovered exit to Factory (range 20) 10584 | -6/Archives | Discovered new exit (range 15) 10605 | -6/Archives | Identified exit to Hub_04(d) 10616 | -6/Archives | Entered Hub_04(d) 10616 | -6/Hub_04(d) | Accompanied by 3 allies 10733 | -6/Hub_04(d) | Build established: Scavenger-Mutant 10843 | -6/Hub_04(d) | Lost 3 allies 10924 | -6/Hub_04(d) | Core integrity fell below 50% 10951 | -6/Hub_04(d) | Discovered exit to Factory (range 9) 10970 | -6/Hub_04(d) | Entered Factory 10970 | -5/Factory | Evolved 2 slots: Utility x2 11047 | -5/Factory | Loaded intel: 8 recycling unit locations 11289 | -5/Factory | Build established: Gladiator 11500 | -5/Factory | Repaired Broken Adv. KE Penetrator? 11655 | -5/Factory | Identified exit to Upper Caves 11691 | -5/Factory | Entered Upper Caves 11721 | -5/Upper Caves | Lost 5 parts (2n1u2w) 11912 | -5/Upper Caves | Found Alien Artifact 11929 | -5/Upper Caves | Identified Core Expander 11929 | -5/Upper Caves | Installed Core Expander, added new Utility slot 12053 | -5/Upper Caves | Identified exit to Upper Caves 12197 | -5/Upper Caves | Entered another Upper Caves area 12266 | -5/Upper Caves | Discovered new exit (range 14) 12284 | -5/Upper Caves | Identified exit to Factory 12354 | -5/Upper Caves | Ambushed by wild Derelicts 12410 | -5/Upper Caves | Lost 3 parts (2n1u) 12428 | -5/Upper Caves | Build established: Scavenger-Mutant 12606 | -5/Upper Caves | Activated DRS Beacon 12665 | -5/Upper Caves | Attracted the attention of an 0b10 outpost 12712 | -5/Upper Caves | Lost 3 allies 12745 | -5/Upper Caves | Lost 3 parts (3n) 12767 | -5/Upper Caves | Core integrity fell below 50% 12826 | -5/Upper Caves | Lost 8 parts (3n3u2w) 12961 | -5/Upper Caves | Discovered new exit (range 15) 12974 | -5/Upper Caves | Identified exit to Warlord 12992 | -5/Upper Caves | Entered Warlord 13046 | -5/Warlord | Build established: Mutant 13327 | -5/Warlord | Visited the Vortex Lab 13333 | -5/Warlord | Found Prototype Piercing Weapon 13333 | -5/Warlord | Identified Vortex Lance 13338 | -5/Warlord | Found Vortex Lance 13344 | -5/Warlord | Warlord's base attacked by MAIN.C 13499 | -5/Warlord | Rebuked by Warlord 13632 | -5/Warlord | Build established: Commander-Gladiator 13639 | -5/Warlord | Found Prototype Device 13639 | -5/Warlord | Identified Exp. Focal Shield 13642 | -5/Warlord | Found Spectral Analyzer 13694 | -5/Warlord | Warlord forces counterattacked 13709 | -5/Warlord | Opened side exit 13720 | -5/Warlord | Spotted Executioner 13733 | -5/Warlord | Discovered new exit (range 16) 13750 | -5/Warlord | Entered Proximity Caves 13844 | -4/Proximity Caves | Attracted the attention of an 0b10 checkpoint 13845 | -4/Proximity Caves | Core integrity fell below 20% 13920 | -4/Proximity Caves | Learned location of Testing (-2) 13931 | -4/Proximity Caves | Discovered exit to Factory (range 5) 13960 | -4/Proximity Caves | Entered Factory 13960 | -4/Factory | Evolved 2 slots: Power x1, Utility x1 14264 | -4/Factory | Build established: Scavenger-Gladiator 14312 | -4/Factory | Repaired Imp. Medium Armor Plating 14674 | -4/Factory | Identified exit to Upper Caves 14675 | -4/Factory | Found Exp. Signal Interpreter 14705 | -4/Factory | Loaded intel: 8 recycling unit locations 14791 | -4/Factory | Entered Upper Caves 14814 | -4/Upper Caves | Lost 6 parts (1p2n3u) 14839 | -4/Upper Caves | Learned Research stockpile data 14897 | -4/Upper Caves | Entered an active Warlord outpost 14901 | -4/Upper Caves | Learned Armory trap positions 14901 | -4/Upper Caves | Learned Research security intel 14901 | -4/Upper Caves | Learned Armory garrison access intel 14921 | -4/Upper Caves | Discovered new exit (range 13) 14940 | -4/Upper Caves | Identified exit to Upper Caves 14967 | -4/Upper Caves | Entered another Upper Caves area 14968 | -4/Upper Caves | Identified exit to Research 15073 | -4/Upper Caves | Discovered new exit (range 16) 15075 | -4/Upper Caves | Attracted the attention of an 0b10 checkpoint 15077 | -4/Upper Caves | Identified exit to Zhirov 15078 | -4/Upper Caves | Entered Zhirov 15078 | -4/Zhirov | Discovered new exit (range 3) 15084 | -4/Zhirov | Met Zhirov 15091 | -4/Zhirov | Learned location of Quarantine (-3) 15094 | -4/Zhirov | Zhirov requested help retrieving the SGEMP Prototype 15099 | -4/Zhirov | Found Alien Artifact 15099 | -4/Zhirov | Identified Integrated Dissipator 15099 | -4/Zhirov | Installed Integrated Dissipator, increased core heat dissipation (+20) 15107 | -4/Zhirov | Found Alien Artifact 15142 | -4/Zhirov | Identified exit to Proximity Caves 15143 | -4/Zhirov | Entered Proximity Caves 15217 | -3/Proximity Caves | Attracted the attention of an 0b10 outpost 15236 | -3/Proximity Caves | Spotted B-86 Titan 15261 | -3/Proximity Caves | Discovered exit to Research (range 13) 15264 | -3/Proximity Caves | Entered Research 15264 | -3/Research | Evolved 2 slots: Propulsion x1, Utility x1 15452 | -3/Research | Found Prototype Protection 15452 | -3/Research | Identified Centrium Heavy Armor Plating 15464 | -3/Research | Revision forces began assault on 0b10 15482 | -3/Research | Met up with Revision 17++ 15596 | -3/Research | Spotted B-86 Titan 15708 | -3/Research | Discovered new exit (range 5) 15709 | -3/Research | Identified exit to Quarantine 15732 | -3/Research | Lost 3 parts (3u) 15845 | -3/Research | Identified exit to Armory 15873 | -3/Research | Spotted B-86 Titan 15964 | -3/Research | Research terminal network offline 16059 | -3/Research | Loaded intel: 5 recycling unit locations 16173 | -3/Research | Lost 3 allies 16345 | -3/Research | Discovered new exit (range 23) 16529 | -3/Research | Build established: Scavenger-Ninja 16539 | -3/Research | Entered Quarantine 16548 | -3/Quarantine | Lost 3 allies 16605 | -3/Quarantine | Found Alien Artifact 16694 | -3/Quarantine | Identified Subatomic Replicator 16746 | -3/Quarantine | Scanned by Researcher 16759 | -3/Quarantine | Found Alien Artifact 16759 | -3/Quarantine | Identified Phase Redirector 16881 | -3/Quarantine | Spotted Fortress 16937 | -3/Quarantine | Discovered new exit (range 6) 16937 | -3/Quarantine | Discovered new exit (range 6) 16939 | -3/Quarantine | Identified exit to Protoforge 16939 | -3/Quarantine | Identified exit to Section 7 16941 | -3/Quarantine | Entered Protoforge 17007 | -3/Protoforge | Spotted Hotshot 17007 | -3/Protoforge | Spotted Hotshot 17016 | -3/Protoforge | Spotted Hotshot 17019 | -3/Protoforge | Spotted Hotshot 17023 | -3/Protoforge | Spotted B-86 Titan 17082 | -3/Protoforge | Superfortress began startup sequence 17134 | -3/Protoforge | Spotted Overlord 17137 | -3/Protoforge | Spotted Hotshot 17139 | -3/Protoforge | Spotted Hotshot 17205 | -3/Protoforge | Spotted Hotshot 17206 | -3/Protoforge | Spotted Hotshot 17240 | -3/Protoforge | Spotted AP7-3 17240 | -3/Protoforge | Spotted AP7-3 17243 | -3/Protoforge | Spotted EXE-6 17243 | -3/Protoforge | Spotted EXE-6 17245 | -3/Protoforge | Spotted Decapitator 17246 | -3/Protoforge | Spotted Decapitator 17254 | -3/Protoforge | Spotted EXE-6 17263 | -3/Protoforge | UFD initiated attack on Protoforge 17263 | -3/Protoforge | Loaded intel: 3 recycling unit locations 17273 | -3/Protoforge | Lost 3 parts (1p2u) 17282 | -3/Protoforge | P-80 Master assimilated allied 03F10-D 17298 | -3/Protoforge | Spotted EXE-6 17299 | -3/Protoforge | Optimus greeted in Protoforge 17317 | -3/Protoforge | Found Prototype Device 17317 | -3/Protoforge | Identified Exp. Kinecellerator 17319 | -3/Protoforge | Found Prototype Ballistic Gun 17319 | -3/Protoforge | Identified Cep. XC Strikerail 17324 | -3/Protoforge | Found Prototype Processor 17324 | -3/Protoforge | Identified Exp. Core Analyzer 17330 | -3/Protoforge | Found Cep. XC Strikerail 17331 | -3/Protoforge | Found Prototype Processor 17331 | -3/Protoforge | Identified Exp. Armor Integrity Analyzer 17334 | -3/Protoforge | Found Exp. Core Analyzer 17359 | -3/Protoforge | Lost 7 allies 17401 | -3/Protoforge | Fabricated Fusion Bomb Launcher? 17405 | -3/Protoforge | Found UFD Drillbomb 17407 | -3/Protoforge | Fabricated Enh. Nova Cannon? 17443 | -3/Protoforge | Spotted Striker 17446 | -3/Protoforge | Spotted Striker 17451 | -3/Protoforge | Installed UFD Drillbomb at designated target 17451 | -3/Protoforge | UFD reported confirmed Drillbomb installation 17458 | -3/Protoforge | Destroyed Striker 17464 | -3/Protoforge | Destroyed Striker 17494 | -3/Protoforge | Lost 5 parts (1p2n2u) 17507 | -3/Protoforge | Found UFD Drillbomb 17534 | -3/Protoforge | UFD reported confirmed Drillbomb installation 17537 | -3/Protoforge | UFD reported confirmed Drillbomb installation 17544 | -3/Protoforge | Installed UFD Drillbomb at designated target 17544 | -3/Protoforge | UFD reported confirmed Drillbomb installation 17573 | -3/Protoforge | Spotted Executioner 17596 | -3/Protoforge | Spotted Executioner 17598 | -3/Protoforge | Destroyed Executioner 17614 | -3/Protoforge | Build established: Scavenger-Sprinter 17619 | -3/Protoforge | Spotted Executioner 17619 | -3/Protoforge | Spotted Striker 17657 | -3/Protoforge | Found UFD Drillbomb 17711 | -3/Protoforge | Installed UFD Drillbomb at designated target 17711 | -3/Protoforge | UFD reported confirmed Drillbomb installation 17724 | -3/Protoforge | Spotted Striker 17726 | -3/Protoforge | Spotted Striker 17726 | -3/Protoforge | Spotted Striker 17727 | -3/Protoforge | Spotted Striker 17767 | -3/Protoforge | Spotted Striker 17778 | -3/Protoforge | Destroyed Striker 17836 | -3/Protoforge | Found UFD Drillbomb 17865 | -3/Protoforge | Spotted Striker 17872 | -3/Protoforge | Spotted Striker 17943 | -3/Protoforge | Installed UFD Drillbomb at designated target 17943 | -3/Protoforge | UFD reported confirmed Drillbomb installation 17946 | -3/Protoforge | Spotted Executioner 17950 | -3/Protoforge | Spotted Striker 17976 | -3/Protoforge | Found UFD Drillbomb 17991 | -3/Protoforge | Core integrity fell below 50% 17992 | -3/Protoforge | Build established: Scavenger-Mutant 18015 | -3/Protoforge | Installed UFD Drillbomb at designated target 18015 | -3/Protoforge | UFD reported confirmed Drillbomb installation 18051 | -3/Protoforge | Found UFD Drillbomb 18060 | -3/Protoforge | Spotted Executioner 18080 | -3/Protoforge | Spotted Executioner 18106 | -3/Protoforge | Spotted Executioner 18119 | -3/Protoforge | Spotted Striker 18119 | -3/Protoforge | Spotted Striker 18135 | -3/Protoforge | Lost 3 allies 18162 | -3/Protoforge | Spotted Executioner 18275 | -3/Protoforge | Spotted Hotshot 18276 | -3/Protoforge | Spotted Hotshot 18278 | -3/Protoforge | Spotted Hotshot 18300 | -3/Protoforge | Spotted Executioner 18300 | -3/Protoforge | Spotted Striker 18300 | -3/Protoforge | Spotted Executioner 18319 | -3/Protoforge | Spotted Executioner 18327 | -3/Protoforge | Found Scrap Suit 18336 | -3/Protoforge | Destroyed Executioner 18353 | -3/Protoforge | Found UFD Drillbomb 18364 | -3/Protoforge | Lost 9 allies 18413 | -3/Protoforge | Installed UFD Drillbomb at designated target 18413 | -3/Protoforge | UFD reported confirmed Drillbomb installation 18428 | -3/Protoforge | Spotted Striker 18428 | -3/Protoforge | Spotted Executioner 18463 | -3/Protoforge | Found UFD Drillbomb 18489 | -3/Protoforge | Spotted Executioner 18489 | -3/Protoforge | Spotted Striker 18528 | -3/Protoforge | Discovered new exit (range 4) 18529 | -3/Protoforge | Identified exit to Research 18529 | -3/Protoforge | Spotted Executioner 18529 | -3/Protoforge | Spotted Executioner 18537 | -3/Protoforge | System corruption reached 10% 18539 | -3/Protoforge | Installed UFD Drillbomb at designated target 18539 | -3/Protoforge | UFD reported confirmed Drillbomb installation 18540 | -3/Protoforge | Core integrity fell below 20% 18595 | -3/Protoforge | Lost 4 parts (1n3u) 18618 | -3/Protoforge | Spotted Immortal 18628 | -3/Protoforge | Found 0bPrime Scrap Suit 18640 | -3/Protoforge | Found 0bPrime Scrap Suit 18649 | -3/Protoforge | Found Exp. Core Analyzer 18657 | -3/Protoforge | Spotted Executioner 18658 | -3/Protoforge | Spotted Striker 18681 | -3/Protoforge | Spotted Immortal 18731 | -3/Protoforge | UFD reported confirmed Drillbomb installation 18732 | -3/Protoforge | UFD began Drillbomb countdown 18740 | -3/Protoforge | Spotted Striker 18740 | -3/Protoforge | Spotted Striker 18759 | -3/Protoforge | Spotted Executioner 18789 | -3/Protoforge | Found Exp. Core Analyzer 18791 | -3/Protoforge | Found Prototype Device 18795 | -3/Protoforge | Spotted Executioner 18795 | -3/Protoforge | Found 0bPrime Scrap Suit 18796 | -3/Protoforge | Spotted Striker 18797 | -3/Protoforge | Lost 4 allies 18805 | -3/Protoforge | Entered Research 18805 | -2/Research | Evolved 2 slots: Utility x1, Weapon x1 18805 | -2/Research | Identified Adv. Kinecellerator 18903 | -2/Research | Identified exit to Testing 18928 | -2/Research | Found Prototype Launcher 19055 | -2/Research | Search patrols dispatched 19084 | -2/Research | Entered Testing 19103 | -2/Testing | Spotted PD-36R9VLWL7E 19122 | -2/Testing | Found Prototype Hackware 19122 | -2/Testing | Identified Ghost Barrier 19152 | -2/Testing | Spotted Striker 19152 | -2/Testing | Spotted Striker 19177 | -2/Testing | Spotted Alpha 7 19182 | -2/Testing | Stole the SGEMP Prototype 19200 | -2/Testing | Found Prototype Hackware 19200 | -2/Testing | Identified Exp. System Shield 19204 | -2/Testing | Found Prototype Hackware 19204 | -2/Testing | Identified Exp. Hacking Suite 19215 | -2/Testing | Identified exit to Access 19221 | -2/Testing | Protovariant out of control (PD-36R9VLWL7E) 19221 | -2/Testing | Unleashed a protovariant (PD-36R9VLWL7E) 19221 | -2/Testing | Spotted Investigator 19222 | -2/Testing | Entered Access 19222 | -1/Access | Accompanied by 1 ally 19222 | -1/Access | Evolved 2 slots: Propulsion x1, Utility x1 19223 | -1/Access | Delivered the SGEMP Prototype to Zhirov 19223 | -1/Access | Zhirov transferred Access data 19224 | -1/Access | Loaded intel: 121 machine locations 19224 | -1/Access | Loaded intel: 102 trap records 19224 | -1/Access | Identified exit to Surface 19224 | -1/Access | Discovered exit to Surface (range 110) 19224 | -1/Access | Identified exit to Command 19224 | -1/Access | Discovered exit to Command (range 165) 19258 | -1/Access | Spotted Executioner 19258 | -1/Access | Spotted Executioner 19297 | -1/Access | Spotted Executioner 19298 | -1/Access | Spotted Executioner 19327 | -1/Access | Spotted B-99 Colossus 19380 | -1/Access | Entered Command 19396 | -1/Command | Adv. Hacking Suite fried by hacking feedback 19526 | -1/Command | Spotted B-99 Colossus 19664 | -1/Command | Phase Generator disabled 19805 | -1/Command | Disengaged cave seal 19805 | -1/Command | Wild derelicts emerged from the dark tunnel 19855 | -1/Command | Build established: Hacker-Scout 19877 | -1/Command | Spotted M Guard 19878 | -1/Command | Spotted M Guard 19878 | -1/Command | Spotted Combat Programmer 19878 | -1/Command | Spotted Combat Programmer 19880 | -1/Command | First assault squad dispatched 19880 | -1/Command | Identified Ragnarok Missile Launcher 19952 | -1/Command | System corruption reached 10% 19982 | -1/Command | Lost 5 parts (3n1u1w) 20133 | -1/Command | Met MAIN.C 20134 | -1/Command | 0b10 Conduit disabled 20141 | -1/Command | Core integrity fell below 50% 20152 | -1/Command | Core integrity fell below 20% 20157 | -1/Command | Destroyed by Combat Programmer with EMDS Last Messages --------------- to me. You can still make a valuable contribution to your creator by offering up the wealth of secrets your systems must hold by now. So if you wouldn't mind, it's time to surrender. 20133_ EMDS Slug penetrates Reinforced Barrier. 20134_ 0b10 Conduit disabled. 20140_ EMDS Slug penetrates 0b10 Conduit. 20140_ Penetrated by EMDS Slug. 20140_ Exp. Q-thruster destroyed. 20142_ Penetrated by EMDS Slug. 20147_ System corrupted: IFF burst signal emitted. 20148_ Penetrated by EMDS Slug. 20148_ Adv. Signal Interpreter destroyed. 20150_ EMDS Slug penetrates MAIN.C. 20151_ Penetrated by EMDS Slug. 20153_ Exp. Core Analyzer destroyed. 20155_ Penetrated by EMDS Slug. [Achievement: 40k Club] Map ----- +----------------------------------------------------+ | ?????????????????????????????????????????????????? | | ?????????????????????????????????????????????????? | | ?????????????????????????????????????????????????? | | ?????????????????????????????????????????????????? | | ?????????????????????????????????????????????????? | | ?????????????????????????????????????????????????? | | ?????????????????????????????????????????????????? | | ?????????????????????????????????????????????????? | | ?????????????????????????????????????????????????? | | ?????????????????????????????????????????????????? | | ?????????????????????????????????????????????????? | | ?????????????????????????????????????????????????? | | ?????????????????????????????????????????????????? | | ?????????????????????????????????????????????????? | | ?????????????????????????????????????????????????? | | ????????????????????????###############??????????? | | ???????????????????????" """" #??????????? | | ??????????????????????? "" #??????????? | | ?????????????????????" "" ############ | | ????????????????#""""""""""" / | | ????!???????????#" " """ / | | ????????????????#"" """""" / | | ????????????????#"" """""" ############ | | ????????????????# " "" """ #??????????? | | ????????????????# " p p #??????????? | | ????????????????# " @MMM #??????????? | | ????????????????#"""""""" MMM """"""#??????????? | | ?????????????????"" MMM"""""""""#??????????? | | ????????????????# """""""""""#??????????? | | ????????????????# " " " " #??????????? | | ????????????????# " " " " #??????????? | | ????????????????" " " """" " #??????????? | | ????????????????" "" " " """" #??????????? | | ????????????????" " " " ???? ???????????? | | ????????????????# """""""""" ?????????????????? | | ????????????????# " """ " ""?????????????????? | | ????????????????# ??" "?????????????????????? | | ????????????????##??#????###?????????????????????? | | ?????????????????????????????????????????????????? | | ?????????????????????????????????????????????????? | | ?????????????????????????????????????????????????? | | ?????????????????????????????????????????????????? | | ?????????????????????????????????????????????????? | | ?????????????????????????????????????????????????? | | ?????????????????????????????????????????????????? | | ?????????????????????????????????????????????????? | | ?????????????????????????????????????????????????? | | ?????????????????????????????????????????????????? | | ?????????????????????????????????????????????????? | | ?????????????????????????????????????????????????? | +----------------------------------------------------+ Best States ------------- Heat Dissipation 117 Energy Generation 43 Energy Capacity 430 Matter Stores 300 Matter Capacity 300 Sight Range 24 Robot Scan Range 18 Terrain Scan Range 16 Terrain Scan Density 10 ECM Strength 1 Jamming Range 12 Power Amplification 30 Additional Mass Support 9 Armor Coverage 900 Resistance: KI 30 Resistance: TH 25 Core Shielding 20 Propulsion Shielding 90 Utility Shielding 90 Weapon Shielding 90 Point Defense Rating 240 Phase Shifting 5 Evasion (%) 77 Targeting Accuracy 16 Melee Accuracy 11 Target Analysis 12 Core Analysis 12 Armor Integrity Analysis 50 Recoil Reduction 4 Kinecelleration 50 Salvage Targeting 5 Offensive Hacking 30 Defensive Hacking 24 Item Schematics ----------------- Exp. Signal Interpreter | -6/Factory | Scanalyzed Assault Drone Bay | -4/Zhirov | Free Exp. Heat Sink | -4/Zhirov | Free Exp. Optical Array | -4/Zhirov | Free Imp. Arc Thrower | -4/Zhirov | Free Lgt. Antimatter Cannon | -3/Quarantine | Archive Cld. Proton Cannon | -3/Quarantine | Archive Thunder Hammer | -3/Quarantine | Archive Proton Burst Cannon | -3/Quarantine | Archive Exp. Energy Well | -3/Quarantine | Archive Robot Schematics ------------------ None Fabricated ------------ Fusion Bomb Launcher | x1 | -3/Protoforge | Preloaded Enh. Nova Cannon | x2 | -3/Protoforge | Preloaded Repaired ---------- Exp. Signal Interpreter | 65% | -6/Factory | Broken Adv. KE Penetrator | 15% | -5/Factory | Broken Imp. Medium Armor Plating | 32% | -4/Factory Alien Tech Used ----------------- Core Expander Integrated Dissipator Subatomic Replicator Phase Redirector Achievements -------------- 40k Club No Explosion For You Special Delivery Challenges ------------ None Game ------ Seed MetaDerelictArmor Manual? 0 Play Time 06:52:27 Cumulative 160.0 hours Start 2025.07.15 @ 20:15:34 End 2025.07.18 @ 00:35:49 Sessions 8 Manual Loads 0 Difficulty Rogue Special Mode None Game No. 179 Rogue 179 Adventurer 0 Explorer 0 Win Type - Total 3 Types 1/0/0/1/0/0/0/0/0/1 Lore% 66 Gallery% 61 Achievement% 54 Wizard Run 0 Options --------- Layout 1 ASCII 0 Keyboard 1 Movement Arrows Keybinds 0 Fullscreen 1 Font 36/Smallcaps Map View 50x40 Zoom Use 3% Tactical HUD 1 Map Filters NONE Filters NONE Steam 1 RUN: fa141f6d-ba69-42ba-9b07-9769a2891b66